 Dungeon Crawl Stone Soup version 0.30-a0-613-gdd512c7efb (webtiles) character file.

Game seed: 16499135213044810630

657798 holysushi the Conqueror (level 27, -12/323 HPs)
             Began as an Ogre Chaos Knight on Jan 8, 2023.
             Was a Favourite Plaything of Xom.
             Mangled by an angel
             ... wielding a +3 whip of holy wrath
              (35 damage)
             ... in Pandemonium.
             The game lasted 02:36:55 (75046 turns).

holysushi the Conqueror (Ogre Chaos Knight)        Turns: 75046, Time: 02:36:55

Health: -12/323    AC: 29    Str: 32    XL:     27
Magic:  25/25      EV: 21    Int:  6    God:    Xom [.....*]
Gold:   7218       SH:  0    Dex: 16    Spells: 27/32 levels left

rFire   + + .      SeeInvis +    a - +5 broad axe (heavy)
rCold   + + .      Faith    .    (no shield)
rNeg    . . .      Spirit   .    M - +0 gold dragon scales
rPois   +          Reflect  .    j - +2 hat {SInv}
rElec   .          Harm     .    y - scarf {rC+ rF+}
rCorr   .          Rampage  .    (gloves unavailable)
Will    +++++      Rage     50%  (boots unavailable) Stlth
                                 Z - necklace of Bloodlust {*Rage Will++ Int-3 Slay+6}
HPRegen 0.73/turn                m - +5 ring of evasion
MPRegen 0.19/turn                v - ring of flight

@: on berserk cooldown, flying, slowed, glowing, studying 3 skills, unable to
read, very slow
A: large, unfitting armour, tough skin 1, antennae 1, hooves 1, iridescent
scales 2, thin skeletal structure 1, clumsy 1, deterioration 2, dopey 1, low MP
1, strong-willed 2, poison resistance, shaggy fur 2, strong 2, wild magic 3,
inability to read after injury 2, MP-powered wands, sturdy frame 2
}: 6/15 runes: decaying, slimy, silver, abyssal, demonic, gossamer
a: Renounce Religion


You were in Pandemonium.
You worshipped Xom.
You were Xom's teddy bear.
You visited 10 branches of the dungeon, and saw 48 of its levels.
You visited Pandemonium 2 times, and saw 3 of its levels.
You visited the Abyss 5 times.
You also visited: Bailey, Gauntlet, Ice Cave and Desolation.

You collected 11366 gold pieces.
You spent 4148 gold pieces at shops.

Inventory:

Hand Weapons
 a - a +5 heavy broad axe (weapon)
 b - the +8 flail of Eternal Harmony {drain, rF+ rCorr Int+2}
   (Xom gifted it to you on level 5 of the Dungeon)

   Int:       It affects your intelligence (+2).
   rF:        It protects you from fire.
   rCorr:     It protects you from acid and corrosion.
 r - a +0 vampiric giant spiked club
Missiles
 T - 70 large rocks (quivered)
Armour
 f - +0 acid dragon scales
 j - a +2 hat of see invisible (worn)
 t - a +2 tower shield of reflection
 y - a scarf of resistance (worn)
 M - +0 gold dragon scales (worn)
 Y - a +1 tower shield of protection
Jewellery
 k - the ring of Kischy {rElec AC+4}
   (You bought it in a shop on level 2 of the Orcish Mines)

   [ring of protection]

   AC:        It affects your AC (+4).
   rElec:     It insulates you from electricity.
 m - a +5 ring of evasion (left hand)
 v - a ring of flight (right hand)
 w - the amulet of the Cicada {Acrobat Str+6}
   (You found it on level 15 of the Dungeon)

   [amulet of the acrobat]

   It increases your evasion while moving and waiting.
   Str:       It affects your strength (+6).
 I - the ring of Doubts {Wiz Will+ Str-3 Int+9}
   (You took it off a yaktaur on level 5 of the Vaults)

   [ring of wizardry]

   It improves your spell success rate.
   Str:       It affects your strength (-3).
   Int:       It affects your intelligence (+9).
   Will:      It increases your willpower.
 L - a +4 ring of slaying
 Z - the necklace of Bloodlust (around neck) {*Rage Will++ Int-3 Slay+6}
   (You found it on level 3 of the Vaults)

   [amulet of nothing]

   It extends the wearer's berserk rage when killing foes.
   Int:       It affects your intelligence (-3).
   Slay:      It affects your accuracy & damage with ranged weapons and melee
   (+6).
   *Rage:     It berserks you when you make melee attacks (+50% chance).
   Will:      It greatly increases your willpower.
Wands
 g - a wand of polymorph (16)
 D - a wand of iceblast (37)
 E - a wand of digging (7)
 K - a wand of light (45)
 N - a wand of paralysis (30)
Scrolls
 e - 13 scrolls of poison
 l - 8 scrolls of vulnerability
 n - 4 scrolls of immolation
 p - 20 scrolls of teleportation
 A - 9 scrolls of fog
 J - 5 scrolls of fear
 O - 3 scrolls of blinking
 S - 5 scrolls of summoning
 V - 3 scrolls of silence
 X - 7 scrolls of magic mapping
Potions
 d - 5 potions of lignification
 h - 11 potions of brilliance
 i - 8 potions of cancellation
 o - 23 potions of curing
 q - 12 potions of flight
 u - 14 potions of mutation
 z - 10 potions of might
 C - 8 potions of ambrosia
 F - 4 potions of resistance
 G - 6 potions of heal wounds
 H - 3 potions of magic
 Q - 4 potions of berserk rage
 U - 5 potions of haste
Miscellaneous
 c - a piece from Xom's chessboard (15/15)
 x - a box of beasts
 B - a phantom mirror
 P - a tin of tremorstones (2/2)
 R - a condenser vane
 W - a phial of floods


   Skills:
 O Level 27 Fighting
 - Level 18.0(18.9) Axes
 - Level 9.2(14.0) Maces & Flails
 + Level 14.0 Throwing
 - Level 15.2 Armour
 - Level 23.2 Dodging
 - Level 5.9 Stealth
 - Level 19.7 Shields
 - Level 3.2 Spellcasting
 - Level 2.9 Translocations
 - Level 12.0 Evocations


You had 27 spell levels left.
You knew the following spells:

 Your Spells              Type           Power      Damage    Failure   Level
a - Manifold Assault      Tloc           8%         N/A       100%        4
b - Apportation           Tloc           16%        N/A       77%         1

Your spell library contained the following spells:

 Spells                   Type           Power      Damage    Failure   Level
 Blink                    Tloc           16%        N/A       87%         2
 Momentum Strike          Conj/Tloc      10%        3d8       96%         2
 Gell's Gravitas          Tloc           8%         N/A       97%         3
 Lesser Beckoning         Tloc           16%        N/A       97%         3
 Teleport Other           Tloc           8%         N/A       97%         3
 Beastly Appendage        Tmut           2%         N/A       98%         1
 Freeze                   Ice            4%         1d3       98%         1
 Kiss of Death            Conj/Necr      4%         2d5       98%         1
 Magic Dart               Conj           4%         1d3       98%         1
 Necrotise                Necr           4%         1d4       98%         1
 Sandblast                Erth           2%         2d4       98%         1
 Slow                     Hex            4%         N/A       98%         1
 Sting                    Tmut/Pois      4%         1d3       98%         1
 Summon Small Mammal      Summ           4%         N/A       98%         1
 Call Imp                 Summ           1%         N/A       99%         2
 Cigotuvi's Dreadful Rot  Necr/Pois/Air  2%         N/A       99%         2
 Ensorcelled Hibernation  Hex/Ice        2%         N/A       99%         2
 Passwall                 Tmut/Erth      0%         N/A       99%         2
 Poisonous Vapours        Pois/Air       2%         N/A       99%         2
 Searing Ray              Conj           2%         2d4       99%         2
 Static Discharge         Conj/Air       2%         2-3/arc   99%         2
 Sublimation of Blood     Necr           1%         N/A       99%         2
 Portal Projectile        Hex/Tloc       10%        N/A       99%         3
 Call Canine Familiar     Summ           1%         N/A       100%        3
 Confusing Touch          Hex            1%         N/A       100%        3
 Dazzling Flash           Conj/Hex       2%         N/A       100%        3
 Frozen Ramparts          Ice            2%         1d1       100%        3
 Hailstorm                Conj/Ice       1%         3d3       100%        3
 Ignite Poison            Fire/Tmut/Pois 1%         N/A       100%        3
 Inner Flame              Hex/Fire       1%         N/A       100%        3
 Kindle Blastsparks       Fire/Tloc/Air  8%         2d10      100%        3
 Mephitic Cloud           Conj/Pois/Air  1%         N/A       100%        3
 Ozocubu's Armour         Ice            1%         N/A       100%        3
 Spider Form              Tmut/Pois      1%         N/A       100%        3
 Stone Arrow              Conj/Erth      2%         3d7       100%        3
 Summon Guardian Golem    Hex/Summ       1%         N/A       100%        3
 Swiftness                Air            1%         N/A       100%        3
 Tukima's Dance           Hex            1%         N/A       100%        3
 Vampiric Draining        Necr           1%         2d6       100%        3
 Airstrike                Air            0%         2d(1-17)  100%        4
 Anguish                  Hex/Necr       0%         N/A       100%        4
 Animate Armour           Summ/Erth      2%         N/A       100%        4
 Animate Dead             Necr           1%         N/A       100%        4
 Dispel Undead            Necr           1%         3d6       100%        4
 Flame Wave               Conj/Fire      1%         2d4       100%        4
 Fulminant Prism          Conj/Hex       0%         3d5       100%        4
 Ice Form                 Ice/Tmut       1%         N/A       100%        4
 Iskenderun's Mystic Bla  Conj/Tloc      5%         2d3       100%        4
 Leda's Liquefaction      Hex/Erth       0%         N/A       100%        4
 Petrify                  Tmut/Erth      1%         N/A       100%        4
 Sticky Flame             Conj/Fire      1%         2d3       100%        4
 Summon Lightning Spire   Summ/Air       1%         N/A       100%        4
 Agony                    Necr           1%         N/A       100%        5
 Alistair's Intoxication  Tmut/Pois      0%         N/A       100%        5
 Arcjolt                  Conj/Air       0%         1d10      100%        5
 Blade Hands              Tmut           0%         N/A       100%        5
 Borgnjor's Vile Clutch   Necr/Erth      0%         N/A       100%        5
 Fireball                 Conj/Fire      0%         3d3       100%        5
 Freezing Cloud           Conj/Ice/Air   0%         6-21      100%        5
 Irradiate                Conj/Tmut      0%         3d11      100%        5
 Iskenderun's Battlesphe  Conj           1%         2d6       100%        5
 Lee's Rapid Deconstruct  Erth           0%         3d4*      100%        5
 Lightning Bolt           Conj/Air       0%         1d11      100%        5
 Metabolic Englaciation   Hex/Ice        0%         N/A       100%        5
 Silence                  Hex/Air        0%         N/A       100%        5
 Summon Forest            Summ/Tloc      2%         N/A       100%        5
 Summon Mana Viper        Hex/Summ       1%         N/A       100%        5
 Yara's Violent Unravell  Hex/Tmut       0%         3d3       100%        5
 Conjure Ball Lightning   Conj/Air       0%         3x3d6     100%        6
 Death Channel            Necr           0%         N/A       100%        6
 Iron Shot                Conj/Erth      0%         9d1       100%        6
 Simulacrum               Ice/Necr       0%         N/A       100%        6
 Starburst                Conj/Fire      0%         6d3       100%        6
 Statue Form              Tmut/Erth      0%         N/A       100%        6
 Summon Cactus Giant      Summ           0%         N/A       100%        6
 Enfeeble                 Hex            0%         N/A       100%        7
 Malign Gateway           Summ/Tloc      2%         N/A       100%        7
 Monstrous Menagerie      Summ           0%         N/A       100%        7
 Orb of Destruction       Conj           0%         9d5       100%        7
 Spellforged Servitor     Conj/Summ      0%         N/A       100%        7
 Storm Form               Tmut/Air       0%         N/A       100%        7
 Disjunction              Tloc           4%         N/A       100%        8
 Lehudib's Crystal Spear  Conj/Erth      0%         10d2      100%        8
 Maxwell's Capacitive Co  Air            0%         ∞         100%        8
 Necromutation            Tmut/Necr      0%         N/A       100%        8
 Summon Horrible Things   Summ           0%         N/A       100%        8
 Chain Lightning          Conj/Air       0%         2d1       100%        9
 Death's Door             Necr           0%         N/A       100%        9


Dungeon Overview and Level Annotations

Branches:
Dungeon (15/15) Zot: 24032  Temple (1/1) D:5 Zot: 5934    Lair (5/5) D:9 Zot: 23771
  Swamp (4/4) Lair:3 Zot: 17230  Spider (4/4) Lair:3 Zot: 17026   Slime (5/5) Lair:5 Zot: 25699
    Orc (2/2) D:11 Zot: 9459     Elf (3/3) Orc:2 Zot: 14444  Vaults (5/5) D:13 Zot: 18488
  Crypt (0/3) Vaults:3     Depths (4/4) D:15 Zot: 16427     Zot (0/5) Depths:4
 Bailey (visited)           IceCv (visited)         Desolation (visited)
Gauntlet (visited)

Altars:
Ashenzari
Cheibriados
Dithmenos
Elyvilon
Fedhas
Gozag
Hepliaklqana
Kikubaaqudgha
Makhleb
Nemelex Xobeh
Okawaru
Qazlal
Ru
Sif Muna
Trog
Uskayaw
Vehumet
Wu Jian
Xom
Yredelemnul
Zin
The Shining One
Jiyva

Shops:
D:3 [   D:5 [   D:12 *   Orc:2 :([=   Elf:1 (   Elf:3 =[!   Vaults:3 (**[(
Vaults:4 ([(   Depths:1 :=:

Portals:
Hell: Depths:1 Depths:2 Depths:3 Depths:4
Abyss: Depths:2 Depths:3
Pandemonium: Depths:2 Depths:3
Ziggurat: Depths:3
Trove: Elf:3 (give 9 potions of haste)

Annotations:
D:6 1 runed translucent door, Crazy Yiuf
Swamp:4 Lernaean hydra
Elf:2 4 runed translucent doors, Xocounua's ghost, adept OpAE


Innate Abilities, Weirdness & Mutations

You are too large for most types of armour.
You have tough skin. (AC +1)
You have a pair of small antennae on your head.
You have large cloven feet.
You are mostly covered in iridescent scales. (AC +4)
You have a somewhat thin skeletal structure. (Dex +2, Stealth+)
You are clumsy. (Dex -2)
Your body often deteriorates upon taking damage.
You are dopey. (Int -2)
Your magical capacity is low. (-10% MP)
You are highly strong-willed. (Will++)
Your system is resistant to poisons. (rPois)
You are covered in thick fur. (AC +2)
Your muscles are very strong. (Str +8, Int/Dex -2)
Your spells are much harder to cast, but much more powerful.
You sometimes lose the ability to read scrolls when taking damage.
You expend magic power (3 MP) to strengthen your wands.
Your movements are less encumbered by armour. (ER -4)


Message History

The daeva calls down the wrath of Zin upon you.
Zin smites you!
* * * LOW HITPOINT WARNING * * *
The apis barely misses you.
The daeva calls down the wrath of Zin upon you.
Zin smites you!
* * * LOW HITPOINT WARNING * * *
The apis barely misses you.
Blink to where?
Press: ? - help, Dir - move target, p - daeva
As you read the scroll of blinking, it crumbles to dust.
As you read the scroll of teleportation, it crumbles to dust.
You feel strangely unstable.
An angel comes into view. It is wielding a +3 whip of holy wrath.
Your surroundings suddenly seem different.
A cherub comes into view.
It is wielding a +0 falchion of flaming.
The angel shouts! x2; The daeva shouts!
The daeva calls down the wrath of the Shining One upon you.
The Shining One smites you!
* * * LOW HITPOINT WARNING * * *
The cherub sings a powerful hymn!
The angels go into a battle-frenzy!
The angel drinks a potion.
The angel seems to speed up.
The cherub unwields a +0 falchion of flaming.
It stops flaming.
The cherub wields a +0 longbow.
The cherub shoots an arrow.
The arrow hits you!
* * * LOW HITPOINT WARNING * * *
The daeva calls down the wrath of the Shining One upon you.
The Shining One smites you!
* * * LOW HITPOINT WARNING * * *
The angel hits you but does no damage. The angel completely misses you.
The angel moves out of view.
Blink to where?
Press: ? - help, Dir - move target
As you read the scroll of blinking, it crumbles to dust.
A daeva comes into view.
It is wielding a +5 scimitar of holy wrath.
The angel hits you with a +3 whip of holy wrath!!
You feel threatened and lose the ability to read scrolls!
You die...
Xom chuckles heartily!

##≈≈≈≈≈≈≈≈≈≈...##......# ##
##≈≈≈≈≈≈≈A.######....## #
####≈≈≈≈≈≈≈..# ##.### #
#.≈≈≈≈≈≈≈≈≈≈.# ### #
#.≈≈≈≈≈#≈≈≈≈≈##
##..≈≈≈≈≈≈≈≈≈≈####
####.≈≈≈≈≈≈≈≈≈≈≈≈).##
##..##.≈≈≈≈≈≈≈#≈≈≈≈).##### #
#...).)†.≈≈≈≈≈##@≈≈≈.....#### #
....)......≈≈≈≈##A≈≈≈.......### #
..........####≈≈≈≈≈≈≈≈........###
########### #≈≈≈≈≈≈≈≈≈...##...##
#.≈≈≈≈≈A≈≈≈..###....
##.≈≈≈≈≈≈≈≈≈...####..
#...≈≈≈≈≈≈≈≈≈..## ##.
#....A≈≈≈≈§≈≈...## ##
#...≈≈≈≈≈≈≈≈≈....## #


You could see 2 daevas and 2 angels.

Vanquished Creatures
  the Royal Jelly (Slime:5)
  A pandemonium lord (Pan)
  Sojobo (Vaults:2)
  Frederick (Vaults:5)
  6 golden dragons
  A profane servitor (Abyss:3)
  Nikola (Swamp:3)
  Arachne (Spider:2)
  A pearl dragon (Pan)
  6 bone dragons
  A Brimstone Fiend (Pan)
  6 tentacled monstrosities
  A hellephant (Pan)
  An Ice Fiend (Pan)
  A walking crystal tome (Depths:2)
  2 Hell Sentinels
  2 walking frostbound tomes
  2 deep elf blademasters (Elf:3)
  3 quicksilver dragons (Vaults:5)
  24 acid blobs
  7 liches
  2 deep elf master archers (Elf:3)
  4 sphinxes
  Kirke (Spider:2)
  2 titans
  2 Executioners
  9 tentacled starspawn
  Agnes (Elf:2)
  Frances (Elf:1)
  9 shadow dragons
  7 tengu reavers
  2 thorn hunters (Swamp:3)
  Donald (Orc:2)
  4 storm dragons
  2 fenstrider witches (Swamp:3)
  A demonspawn warmonger (Pan)
  Roxanne (Elf:2)
  17 daevas
  A draconian knight (Depths:4)
  9 rockslimes
  10 azure jellies
  8 emperor scorpions
  20 vault wardens
  2 iron dragons
  8 fire giants
  Aizul (Swamp:2)
  7 balrugs
  5 deep elf sorcerers
  9 frost giants
  22 angels (Pan)
  7 ghost moths
  A caustic shrike zombie (Abyss:3)
  A ghoul (Swamp:3)
  An orc warlord (Orc:1)
  2 imperial myrmidons (Desolation)
  A draconian stormcaller (Depths:4)
  3 deep elf elementalists (Elf:3)
  5 war gargoyles
  A spriggan defender (Depths:3)
  6 ironbound thunderhulks
  2 caustic shrike skeletons
  17 ironbound preservers
  11 ophanim (Pan)
  15 stone giants
  4 broodmothers (Spider:3)
  A draconian annihilator (Depths:4)
  A green draconian (Depths:4)
  6 quicksilver oozes
  35 very ugly things
  12 eleionomae
  A black draconian (Depths:4)
  2 demonspawn black suns (Pan)
  2 halazid warlocks (Desolation)
  7 deep elf demonologists
  7 spark wasps
  31 apis (Pan)
  5 vampire knights
  A purple draconian (Depths:4)
  2 lorocyprocas (Pan)
  Azrael (Spider:2)
  8 deep elf annihilators
  A white draconian (Depths:4)
  2 red draconians (Depths:4)
  6 bunyips
  6 deep elf death magi (Elf:3)
  An eidolon (Abyss:3)
  17 dire elephants
  15 ettins
  Josephine (D:10)
  3 blizzard demons
  3 shambling mangroves
  5 entropy weavers
  6 fire dragons
  2 crystal guardians
  16 yaktaur captains
  A merfolk impaler (Depths:4)
  6 great orbs of eyes
  5 deep elf high priests
  5 rakshasas
  7 ice dragons
  7 servants of whispers (Desolation)
  18 hydras
  43 vault guards
  A jorogumo (Spider:3)
  4 ghost crabs
  9 peacekeepers
  Erolcha (D:13)
  7 ragged hierophants (Desolation)
  A catoblepas (D:14)
  12 ironbound frosthearts
  A catoblepas (shapeshifter) (Vaults:4)
  5 spriggan air magi
  6 boulder beetles
  8 centaur warriors
  5 ogre magi
  2 death knights (Vaults:3)
  2 radroaches
  A hell beast (Pan)
  12 dancing weapons
  9 tengu warriors
  6 deep troll earth magi
  A hell hog (Depths:1)
  7 alligators
  14 death yaks
  13 two-headed ogres
  Urug (Lair:2)
  2 orc high priests
  A deep troll shaman (Depths:1)
  2 spriggan berserkers
  2 vampire magi (Depths:1)
  9 thrashing horrors
  8 soul eaters (Pan)
  27 sun demons
  5 pharaoh ants
  9 deep elf knights
  A spatial maelstrom (Abyss:3)
  A fire crab (shapeshifter) (D:13)
  6 iron trolls
  A shadow wraith (Vaults:4)
  3 skeletal warriors (D:14)
  A sixfirhy (Pan)
  7 wretched stars
  10 goliath frogs
  A glowing orange brain (shapeshifter) (Vaults:5)
  13 cherubim (Pan)
  58 deep trolls
  2 flayed ghosts
  13 swamp dragons
  2 bog bodies
  4 steelbarb worms
  13 deep elf archers
  17 ironbound convokers
  8 lindwurms
  6 glowing orange brains
  2 wizards
  9 orb spiders
  A necromancer (Vaults:5)
  3 phantasmal warriors
  4 harpies (Vaults:5)
  4 spriggan druids
  An orange crystal statue (Spider:3)
  26 deep elf zephyrmancers
  40 ugly things
  5 shining eyes
  13 orc knights
  27 deep elf pyromancers
  A wolf spider (shapeshifter) (D:15)
  17 wolf spiders
  2 worldbinders (Abyss:3)
  8 elephants
  4 orc sorcerers
  4 cyclopes
  A manticore (shapeshifter) (Lair:4)
  A cyclops (shapeshifter) (Vaults:5)
  5 manticores
  3 will-o-the-wisps
  A water nymph (Lair:5)
  An elephant (shapeshifter) (Abyss:3)
  An eye of devastation (Slime:5)
  An ice statue (IceCv)
  7 torpor snails
  5 moths of wrath
  16 vault sentinels
  An orange demon (Abyss:3)
  An apocalypse crab (Abyss:2)
  4 guardian serpents
  14 demonic crawlers
  3 black mambas
  A rust devil (Depths:3)
  14 cane toads
  3 gargoyles
  9 smoke demons
  2 molten gargoyles (Desolation)
  24 hellions
  6 unseen horrors
  3 efreet
  A cane toad (shapeshifter) (D:14)
  6 rime drakes
  44 yaktaurs
  4 freezing wraiths
  10 komodo dragons
  5 kobold demonologists
  A yaktaur (shapeshifter) (D:13)
  3 ancient zymes
  4 tengu conjurers
  3 red devils
  10 trolls
  A silent spectre (Vaults:3)
  A harpy zombie (Abyss:2)
  7 meliai
  6 tormentors
  9 polar bears
  20 tyrant leeches
  13 hornets
  A bloated husk (Swamp:1)
  32 blink frogs
  A hellwing (Abyss:3)
  5 raiju (Abyss:3)
  A raiju (shapeshifter) (D:14)
  A hornet (shapeshifter) (Vaults:5)
  Prince Ribbit (Bailey)
  A harpy skeleton (Abyss:2)
  A blink frog (shapeshifter) (Swamp:3)
  A snapping turtle (Swamp:2)
  57 saltlings (Desolation)
  15 tarantellas
  25 jumping spiders
  4 flying skulls (Abyss:3)
  13 spriggans
  6 wraiths
  Sigmund (D:5)
  A vampire (D:11)
  2 shadows
  6 water elementals
  5 wyverns
  74 slime creatures
  14 ynoxinuls
  90 yaks
  23 culicivoras
  4 fire bats
  4 fire elementals
  8 humans (Bailey)
  An air elemental (Elf:3)
  54 starcursed masses
  9 golden eyes
  9 chaos spawn
  3 steam dragons
  A redback (shapeshifter) (Vaults:4)
  46 redbacks
  Grum (D:11)
  4 basilisks
  4 neqoxecs
  5 wargs
  22 vampire mosquitoes
  A steam dragon (shapeshifter) (Vaults:5)
  18 swamp worms
  A death yak simulacrum (D:12)
  12 small abominations
  A floating eye (Depths:3)
  A floating eye (shapeshifter) (Vaults:5)
  3 hell hounds
  13 water moccasins
  2 acid dragons
  58 orc warriors
  An ice beast (Abyss:3)
  7 swamp drakes
  3 black bears
  2 sky beasts
  A black bear (shapeshifter) (D:14)
  48 large abominations
  10 wolves
  8 ogres
  14 centaurs
  A centaur (shapeshifter) (Lair:5)
  4 kobold brigands
  A phantom (D:5)
  21 bullfrogs
  5 gnoll sergeants
  A scorpion (D:7)
  4 earth elementals
  5 wights
  An elephant simulacrum (D:12)
  5 killer bees (D:9)
  A howler monkey (D:8)
  4 electric eels
  5 hounds
  3 iron imps
  6 jellies
  25 orc priests
  3 iguanas
  Natasha (twice) (D:2)
  44 orc wizards
  2 troll simulacra (D:12)
  A spriggan simulacrum (D:12)
  7 hell rats (Lair:2)
  2 wolf simulacra (D:12)
  23 gnolls
  7 adders
  A naga simulacrum (D:12)
  A shadow imp (Abyss:3)
  2 white imps
  6 ufetubi
  3 worms
  2 dart slugs
  120 orcs
  8 ball pythons
  8 bats
  8 endoplasms
  6 giant cockroaches
  16 goblins
  8 hobgoblins
  10 jackals
  17 kobolds
  3 quokkas
  A frilled lizard (D:1)
  7 rats
  5 starspawn tentacles (Abyss:3)
2594 creatures vanquished.

Vanquished Creatures (collateral kills)
  A juggernaut (Depths:2)
  Saint Roka (Orc:2)
  A pearl dragon (Pan)
  2 angels (Pan)
  A deep elf annihilator (Elf:3)
  A slime creature (D:13)
  A shambling mangrove (Swamp:1)
  A yaktaur captain (Vaults:5)
  A centaur warrior (Vaults:1)
  A dancing weapon (Elf:3)
  A death yak (D:9)
  A pharaoh ant (Spider:3)
  A deep elf knight (Elf:3)
  A glowing orange brain (Vaults:1)
  A deep elf archer (Elf:3)
  A deep elf pyromancer (Elf:3)
  3 deep elf zephyrmancers (Elf:3)
  A starcursed mass (Abyss:3)
  A vault sentinel (Vaults:1)
  3 yaktaurs
  An efreet (Abyss:3)
  A hornet (Swamp:3)
  2 meliai (Spider:2)
  A jumping spider (Spider:3)
  7 yaks
  A redback (Spider:3)
  A basilisk (Lair:1)
  Natasha (D:2)
  A butterfly (Lair:1)
41 creatures vanquished.

Vanquished Creatures (others)
  A tengu reaver (Vaults:2)
  A ragged hierophant (Desolation)
  A rakshasa (Depths:2)
  5 dancing weapons
  A goliath frog (Swamp:2)
  2 deep elf archers (Elf:2)
  A deep elf zephyrmancer (D:12)
  A deep elf pyromancer (Elf:3)
  4 wolf spiders (Spider:3)
  A moth of wrath (Vaults:3)
  A cane toad (Lair:5)
  A gargoyle (D:14)
  A tyrant leech (Swamp:1)
  5 bloated husks
  2 blink frogs (Lair:5)
  A raiju (Abyss:3)
  A human (Spider:2)
  3 fire bats (Pan)
  A chaos spawn (Abyss:2)
  A redback (Spider:2)
  An orc warrior (D:11)
  2 wights (D:10)
  An orc priest (Orc:2)
  A gnoll (D:11)
  An orc (D:11)
  A giant cockroach zombie (D:1)
  A bush (Lair:2)
  A demonic plant (Abyss:1)
  10 foxfires
  40 fungi
  144 plants
  13 starspawn tentacles
251 creatures vanquished.

Grand Total: 2886 creatures vanquished

Notes
Turn   | Place    | Note
-------+----------+-------------------------------------------
     0 | D:1      | holysushi the Ogre Chaos Knight began the quest for the
                  | Orb.
     0 | D:1      | Reached XP level 1. HP: 24/24 MP: 1/1
    91 | D:1      | Reached XP level 2. HP: 32/32 MP: 2/2
   256 | D:1      | XOM: divination: detect items
   264 | D:1      | XOM: potion effect (haste)
   306 | D:1      | Reached XP level 3. HP: 40/40 MP: 3/3
   727 | D:2      | Found a hide-covered altar of Uskayaw.
  1106 | D:2      | Reached skill level 1 in Axes
  1139 | D:2      | Reached XP level 4. HP: 49/49 MP: 4/4
  1394 | D:1      | Reached skill level 5 in Fighting
  1523 | D:1      | XOM is BORED!
  1523 | D:1      | XOM: silly message
  1701 | D:2      | XOM: silly message
  1714 | D:2      | XOM: silly message
  1820 | D:2      | Found a faded altar of an unknown god.
  2021 | D:2      | XOM: divination: magic mapping
  2041 | D:3      | Found a glowing golden altar of the Shining One.
  2041 | D:3      | Noticed Natasha
  2047 | D:3      | XOM: summons friendly white imp
  2062 | D:2      | XOM: summons 4 friendly demons
  2070 | D:2      | Killed Natasha
  2071 | D:2      | Reached XP level 5. HP: 11/57 MP: 5/5
  2187 | D:2      | Noticed Natasha
  2277 | D:2      | Killed Natasha
  2306 | D:2      | Noticed Natasha
  2313 | D:2      | Killed Natasha
  2390 | D:3      | Found a burning altar of Makhleb.
  2568 | D:3      | Found Hesheos's Antique Armour Shoppe.
  2828 | D:3      | XOM is BORED!
  3230 | D:4      | Reached XP level 6. HP: 60/67 MP: 6/6
  3268 | D:4      | XOM: confuse monster(s)
  3269 | D:4      | Reached skill level 6 in Fighting
  3351 | D:4      | XOM: summons 3 hostile shadow creatures
  3457 | D:4      | Found a radiant altar of Vehumet.
  3795 | D:4      | XOM: stat loss: -1 Int (12/13)
  3930 | D:5      | Entered Level 5 of the Dungeon
  3933 | D:5      | Noticed a black bear
  3933 | D:5      | Noticed a black bear
  3933 | D:5      | XOM: noise
  3944 | D:4      | XOM: summons friendly white imp
  3948 | D:4      | Killed a black bear
  3949 | D:4      | Reached skill level 5 in Axes
  3949 | D:4      | Reached XP level 7. HP: 61/76 MP: 7/7
  4002 | D:5      | Reached skill level 7 in Fighting
  4055 | D:5      | Found a staircase to the Ecumenical Temple.
  4112 | D:5      | Identified the amulet "Sicon" {Regen+ Stlth+} (Xom gifted
                  | it to you on level 5 of the Dungeon)
  4112 | D:5      | XOM: god gift: amulet "Sicon" {Regen+ Stlth+}
  4146 | D:5      | Found Getehaocumn's Antique Armour Boutique.
  4205 | D:5      | XOM: polymorph orc -> bat
  4215 | D:5      | Xom revived you
  4229 | D:5      | Reached XP level 8. HP: 23/87 MP: 8/8
  4383 | D:5      | XOM: 1-stop teleportation journey
  4387 | Temple   | Entered the Ecumenical Temple
  4482 | D:5      | XOM: 3-stop teleportation journey
  4576 | D:5      | XOM: god gift: 45 gold pieces
  4648 | D:5      | Found a shimmering altar of Xom.
  4649 | D:5      | Found a hazy altar of Hepliaklqana.
  4650 | D:5      | Noticed a spectral ugly thing
  4662 | D:5      | Noticed Sigmund
  4691 | D:5      | XOM: scenery: 1 doors close
  4699 | D:5      | Killed Sigmund
  4700 | D:5      | Reached skill level 8 in Fighting
  4725 | D:5      | XOM: god gift: brightly glowing flail {god gift}
  4725 | D:5      | Identified the +8 flail of Eternal Harmony {drain, rF+
                  | rCorr Int+2} (Xom gifted it to you on level 5 of the
                  | Dungeon)
  4863 | D:6      | Identified the +3 rapier of Okawaru, Screaming {pain,
                  | *Corrode rPois rN+++ Int+4}
  4932 | D:6      | Found a broken altar of Ashenzari.
  5284 | D:6      | XOM: god gift: scroll labelled PYUMEA ROASM {god gift}
  5432 | D:6      | Found a runed translucent door.
  5433 | D:6      | Noticed Crazy Yiuf
  5509 | D:7      | XOM: scenery: create altars
  5564 | D:7      | Reached skill level 9 in Fighting
  5663 | D:7      | Reached XP level 9. HP: 94/98 MP: 9/9
  5706 | D:7      | XOM: god gift: 54 gold pieces
  5767 | D:7      | XOM: snakes to sticks
  6103 | D:7      | XOM: scenery: create altars
  6223 | D:8      | XOM: 4-stop teleportation journey
  6346 | D:8      | XOM: 8-stop teleportation journey
  6378 | D:8      | Reached skill level 10 in Fighting
  6413 | D:8      | Found a flagged portal.
  6439 | D:8      | XOM: god gift: wand of iceblast (5)
  6453 | Bailey   | Entered a bailey
  6462 | Bailey   | XOM: divination: magic mapping
  6469 | Bailey   | XOM: cleaving
  6478 | Bailey   | Reached skill level 10 in Axes
  6547 | Bailey   | XOM: cast spell 'Alistair's Intoxication'
  6589 | Bailey   | Reached XP level 10. HP: 35/111 MP: 10/10
  6743 | Bailey   | Reached skill level 11 in Fighting
  6759 | Bailey   | Noticed Prince Ribbit
  6775 | Bailey   | Killed Prince Ribbit
  6791 | Bailey   | Noticed a vault guard
  6800 | Bailey   | XOM: fog
  6820 | Bailey   | Killed a vault guard
  6821 | Bailey   | Reached skill level 5 in Dodging
  6826 | Bailey   | XOM: god gift: 2 atropa-tipped darts
  6835 | Bailey   | XOM: 1-stop teleportation journey
  6904 | Bailey   | Noticed a vault guard
  6904 | Bailey   | XOM: 9-stop teleportation journey
  6973 | Bailey   | Killed a vault guard
  6974 | Bailey   | Reached skill level 1 in Evocations
  6993 | Bailey   | XOM: cloud trail
  7531 | D:8      | XOM: summons 6 hostile demons
  7532 | D:8      | Noticed a soul eater
  7747 | D:8      | XOM: god gift: 37 gold pieces
  7782 | D:9      | Found a transporter.
  7791 | D:9      | Found a transporter.
  7791 | D:9      | Noticed a boulder beetle
  7843 | D:9      | XOM: 2-stop teleportation journey
  7921 | D:9      | Reached skill level 12 in Fighting
  7934 | D:9      | Noticed a death yak
  7935 | D:9      | XOM: summons friendly soul eater
  7944 | D:9      | Reached skill level 1 in Shields
  7944 | D:9      | Reached XP level 11. HP: 112/123 MP: 11/11
  7945 | D:9      | Noticed a death yak
  7945 | D:9      | Noticed a death yak
  7954 | D:9      | XOM: potion effect (heal wounds)
  7979 | D:8      | Killed a death yak
  8114 | D:9      | Found a sacrificial altar of Ru.
  8116 | D:9      | Found an iron altar of Okawaru.
  8311 | D:9      | XOM: confuse monster(s)
  8319 | D:9      | XOM: silly message
  8505 | D:9      | XOM: divination: detect creatures
  8624 | D:9      | XOM: potion effect (might)
  8643 | D:9      | XOM: cast spell 'Death Channel'
  8644 | D:9      | XOM: divination: detect creatures
  8651 | D:9      | Killed a death yak
  8661 | D:9      | Killed a death yak
  8717 | D:9      | Found a staircase to the Lair.
  8773 | D:9      | Found an ancient bone altar of Kikubaaqudgha.
  8929 | D:9      | XOM: enchant monster (good)
  8966 | D:10     | Entered Level 10 of the Dungeon
  9118 | D:10     | XOM: destruction
  9168 | D:10     | XOM: cast spell 'Leda's Liquefaction'
  9173 | D:10     | Reached skill level 13 in Fighting
  9222 | D:10     | Noticed Josephine
  9222 | D:10     | XOM: cleaving
  9234 | D:10     | Killed Josephine
  9242 | D:10     | XOM: potion effect (haste)
  9248 | D:10     | XOM: 2-stop teleportation journey
  9251 | D:10     | Identified the amulet of Wonder {Spirit rPois MP-9 Dex+4}
  9422 | D:10     | Found Qoseo's Vocational Training.
  9465 | D:10     | Reached XP level 12. HP: 126/136 MP: 12/12
  9564 | D:10     | Found an ornate altar of the Wu Jian Council.
  9833 | D:10     | XOM: give mutations
  9833 | D:10     | Gained mutation: You are covered in fur. (AC +1) [Xom's
                  | grace]
  9833 | D:10     | Gained mutation: You are agile. (Dex +4, Str/Int -1) [Xom's
                  | grace]
  9856 | D:10     | XOM: god gift: purple potion {god gift}
 10179 | D:10     | XOM: give mutations
 10179 | D:10     | Gained mutation: You have an increased reservoir of magic.
                  | (+10% MP) [Xom's grace]
 10179 | D:10     | Gained mutation: You have sharp toenails. [Xom's grace]
 10179 | D:10     | Gained mutation: You possess an exceptional clarity of
                  | mind. [Xom's grace]
 10246 | D:9      | XOM: god gift: book of Spectacle
 10274 | Lair:1   | Entered Level 1 of the Lair of Beasts
 10343 | Lair:1   | XOM: summons friendly chaos spawn
 10409 | Lair:1   | Found a gate leading to a gauntlet.
 10417 | Gauntlet | Entered a Gauntlet
 10417 | Gauntlet | Found a transporter.
 10426 | Gauntlet | Found a transporter.
 10429 | Gauntlet | Found a transporter.
 10430 | Gauntlet | Found a transporter.
 10438 | Gauntlet | Found a transporter.
 10441 | Gauntlet | Found a transporter.
 10442 | Gauntlet | Found a transporter.
 10446 | Gauntlet | Found a runed translucent door.
 10450 | Gauntlet | Found a transporter.
 10453 | Gauntlet | Found a transporter.
 10453 | Gauntlet | Noticed a minotaur
 10454 | Gauntlet | Found a transporter.
 10462 | Gauntlet | Found a transporter.
 10465 | Gauntlet | Found a transporter.
 10466 | Gauntlet | Found a transporter.
 10469 | Gauntlet | Noticed a death yak
 10469 | Gauntlet | Noticed a death yak
 10470 | Gauntlet | Noticed a death yak
 10470 | Gauntlet | Noticed a death yak
 10471 | Gauntlet | Noticed a death yak
 10471 | Gauntlet | Noticed a death yak
 10472 | Gauntlet | Found a runed translucent gate.
 10472 | Gauntlet | Found a runed translucent gate.
 10472 | Gauntlet | Found a runed translucent gate.
 10474 | Gauntlet | Found a transporter.
 10514 | Gauntlet | Found a runed translucent door.
 10545 | Gauntlet | XOM: divination: detect creatures
 10576 | Lair:1   | XOM: give mutations
 10576 | Lair:1   | Gained mutation: You are partially covered in iridescent
                  | scales. (AC +2) [Xom's grace]
 10576 | Lair:1   | Gained mutation: You have hidden genetic potential. [Xom's
                  | grace]
 10696 | Lair:1   | XOM: give mutations
 10696 | Lair:1   | Lost mutation: You have hidden genetic potential. [Xom's
                  | grace]
 10696 | Lair:1   | Gained mutation: You are somewhat resistant to further
                  | mutation. [Xom's grace]
 10696 | Lair:1   | Gained mutation: Your spells are a little harder to cast,
                  | but a little more powerful. [Xom's grace]
 10696 | Lair:1   | Gained mutation: Your flesh is heat resistant. (rF+) [Xom's
                  | grace]
 10696 | Lair:1   | Gained mutation: You expend magic power (3 MP) to
                  | strengthen your wands. [Xom's grace]
 10756 | Lair:1   | XOM: summons friendly quasit
 10759 | Lair:1   | XOM: snakes to sticks
 11027 | Lair:1   | Reached skill level 14 in Fighting
 11092 | Lair:1   | XOM: divination: detect items
 11430 | Lair:2   | Reached skill level 15 in Axes
 11571 | Lair:2   | XOM: cast spell 'Chain of Chaos'
 11733 | Lair:2   | Noticed Urug
 11736 | Lair:2   | XOM: confuse monster(s)
 11746 | Lair:2   | Killed Urug
 11962 | Lair:2   | Reached skill level 15 in Fighting
 11972 | Lair:2   | XOM: smoke on damage
 11989 | Lair:2   | XOM: summons friendly ufetubus
 11990 | Lair:2   | Reached XP level 13. HP: 104/149 MP: 14/14
 12007 | Lair:2   | XOM: god gift: dagger {god gift}
 12200 | Lair:2   | XOM: silly message
 12306 | Lair:2   | XOM is BORED!
 12306 | Lair:2   | XOM: give mutations
 12306 | Lair:2   | Lost mutation: You have sharp toenails. [Xom's mischief]
 12306 | Lair:2   | Lost mutation: You are partially covered in iridescent
                  | scales. (AC +2) [Xom's mischief]
 12405 | Lair:2   | XOM: give mutations
 12405 | Lair:2   | Lost mutation: You are somewhat resistant to further
                  | mutation. [Xom's mischief]
 12405 | Lair:2   | Gained mutation: You are dopey. (Int -2) [Xom's mischief]
 12405 | Lair:2   | Lost mutation: Your spells are a little harder to cast, but
                  | a little more powerful. [Xom's mischief]
 12405 | Lair:2   | Lost mutation: You expend magic power (3 MP) to strengthen
                  | your wands. [Xom's mischief]
 12625 | Lair:3   | XOM: polymorph polar bear -> hornet
 12627 | Lair:3   | Paralysed by a hornet for 1 turns
 13076 | Lair:3   | Found a staircase to the Swamp.
 13119 | Lair:3   | XOM: noise
 13176 | Lair:3   | Found a hole to the Spider Nest.
 13222 | Lair:3   | XOM: potion effect (curing)
 13224 | Lair:3   | XOM: confuse monster(s)
 13231 | Lair:3   | Reached skill level 16 in Fighting
 13310 | Lair:3   | XOM: silly message
 13904 | Lair:4   | XOM: confuse monster(s)
 13905 | Lair:4   | XOM: potion effect (haste)
 14044 | Lair:4   | XOM: enchant monster (good)
 14101 | Lair:4   | XOM: polymorph black mamba -> hound
 14141 | Lair:3   | XOM: god gift: pair of gloves {god gift}
 14519 | Lair:4   | XOM: polymorph death yak -> glowing shapeshifter
 14521 | Lair:4   | XOM: cast spell 'Cause Fear'
 14524 | Lair:4   | XOM: confuse monster(s)
 14531 | Lair:4   | XOM: silly message
 14718 | Lair:5   | Entered Level 5 of the Lair of Beasts
 14812 | Lair:5   | Reached XP level 14. HP: 135/163 MP: 15/15
 14819 | Lair:5   | XOM: summons friendly crimson imp
 14821 | Lair:5   | XOM: divination: detect items
 14826 | Lair:5   | Reached skill level 17 in Fighting
 14838 | Lair:5   | XOM: enchant monster (good)
 14886 | Lair:4   | XOM: give mutations
 14886 | Lair:4   | Gained mutation: You have sharp toenails. [Xom's mischief]
 14886 | Lair:4   | Lost mutation: You are agile. (Dex +4, Str/Int -1) [Xom's
                  | mischief]
 14886 | Lair:4   | Gained mutation: You are very dopey. (Int -4) [Xom's
                  | mischief]
 15014 | Lair:5   | XOM: noise
 15168 | Lair:5   | Found a staircase to the Slime Pits.
 15170 | Lair:5   | XOM: draining
 15271 | Lair:5   | XOM: silly message
 15279 | Lair:5   | XOM: polymorph cane toad -> blink frog
 15281 | Lair:5   | XOM: summons 4 hostile demons
 15283 | Lair:5   | XOM: divine lightning
 15284 | Lair:5   | XOM: summons 2 friendly demons
 15287 | Lair:5   | XOM: divine lightning
 15290 | Lair:5   | XOM: chaos cloud
 15291 | Lair:5   | Paralysed by you for 2 turns
 15297 | Lair:5   | XOM: blink monster(s)
 15302 | Lair:5   | XOM: noise
 15316 | Lair:5   | XOM: smoke on damage
 15351 | Lair:5   | XOM: summons friendly crimson imp
 15411 | Lair:5   | XOM: 4-stop teleportation journey
 15512 | Lair:5   | XOM: cast spell 'Death Channel'
 15518 | Lair:5   | XOM: fog
 15572 | Lair:5   | Reached skill level 5 in Shields
 15580 | Lair:5   | XOM: swap monsters
 15601 | Lair:5   | XOM: enchant monster (good)
 15605 | Lair:5   | XOM: silly message
 15653 | Lair:5   | Reached skill level 18 in Fighting
 15702 | Lair:5   | XOM: silly message
 15816 | Lair:5   | Found a sparkling altar of Nemelex Xobeh.
 15997 | Lair:5   | XOM: silly message
 16379 | D:11     | Found a staircase to the Orcish Mines.
 16382 | D:11     | XOM: divine lightning
 16416 | D:11     | XOM: 2-stop teleportation journey
 16452 | D:11     | XOM: swap monsters
 16458 | D:11     | XOM: give mutations
 16458 | D:11     | Lost mutation: You have an increased reservoir of magic.
                  | (+10% MP) [Xom's mischief]
 16458 | D:11     | Lost mutation: You are very dopey. (Int -4) [Xom's
                  | mischief]
 16660 | D:11     | Noticed Grum
 16669 | D:11     | Killed Grum
 16804 | D:11     | XOM: stat loss: -1 Int (12/13)
 16831 | D:11     | XOM: stat loss: -1 Dex (11/12)
 16966 | D:11     | XOM: chaos cloud
 17134 | D:11     | XOM: divination: detect creatures
 17275 | D:12     | XOM: noise
 17275 | D:12     | Found Isoeno Fyess's Assorted Antiques.
 17277 | D:12     | Bought a scroll of enchant armour for 225 gold pieces
 17277 | D:12     | Bought a potion of mutation for 240 gold pieces
 17285 | D:12     | XOM: potion effect (invisibility)
 17294 | D:12     | XOM: potion effect (brilliance)
 17307 | D:12     | Reached skill level 19 in Fighting
 17307 | D:12     | Reached XP level 15. HP: 176/180 MP: 15/15
 17798 | D:12     | Identified the +1 chain mail of Summer {+Blink rN+ Int-3}
 17817 | D:12     | Found a frozen archway.
 17846 | IceCv    | Entered an ice cave
 17903 | IceCv    | Reached skill level 10 in Dodging
 17908 | IceCv    | XOM: potion effect (brilliance)
 17956 | IceCv    | XOM: divination: detect creatures
 17988 | IceCv    | XOM: 1-stop teleportation journey
 18008 | IceCv    | XOM: confuse monster(s)
 18009 | IceCv    | Noticed a frost giant
 18019 | IceCv    | Killed a frost giant
 18020 | IceCv    | Reached skill level 20 in Fighting
 18260 | IceCv    | XOM: silly message
 18288 | IceCv    | XOM: cast spell 'Olgreb's Toxic Radiance'
 18297 | IceCv    | XOM: summons friendly crimson imp
 18432 | IceCv    | XOM: potion effect (haste)
 18446 | IceCv    | XOM: fog
 18493 | IceCv    | XOM: god gift: potion of might
 18952 | D:13     | XOM: give mutations
 18952 | D:13     | Gained mutation: Your spells are a little harder to cast,
                  | but a little more powerful. [Xom's grace]
 18952 | D:13     | Lost mutation: You are dopey. (Int -2) [Xom's grace]
 18967 | D:13     | XOM: swap monsters
 18975 | D:13     | XOM: blink monster(s)
 18984 | D:13     | XOM: summons friendly quasit
 19297 | D:13     | XOM: swap monsters
 19309 | D:13     | XOM: give mutations
 19309 | D:13     | Gained mutation: You occasionally lose the ability to read
                  | scrolls when taking damage. [Xom's mischief]
 19309 | D:13     | Gained mutation: You occasionally lose the ability to drink
                  | potions when taking damage. [Xom's mischief]
 19309 | D:13     | Gained mutation: Your body sometimes deteriorates upon
                  | taking damage. [Xom's mischief]
 19316 | D:13     | XOM: polymorph four-headed hydra -> shapeshifter
 19365 | D:13     | Noticed Erolcha
 19377 | D:13     | Killed Erolcha
 19407 | D:13     | XOM: polymorph jumping spider -> shapeshifter
 19412 | D:13     | Reached skill level 21 in Fighting
 19541 | D:13     | XOM: 1-stop teleportation journey
 19543 | D:13     | Found a blossoming altar of Fedhas.
 19543 | D:13     | XOM: 6-stop teleportation journey
 19579 | D:13     | Found a gate to the Vaults.
 19590 | D:13     | XOM: confuse monster(s)
 19593 | D:13     | XOM: enchant monster (good)
 19594 | D:13     | XOM: confuse monster(s)
 19605 | D:13     | XOM: summons friendly white imp
 19672 | D:13     | You fall into a shaft and drop 1 floor!
 20074 | D:13     | XOM: noise
 20079 | D:13     | XOM: summons 4 friendly demons
 20244 | D:14     | XOM: fake destruction
 20287 | D:14     | XOM: summons friendly shadow imp
 20289 | D:14     | XOM: noise
 20290 | D:14     | XOM: scenery: 1 doors close
 20301 | D:14     | XOM: silly message
 20312 | D:14     | Reached XP level 16. HP: 62/197 MP: 16/16
 20313 | D:14     | XOM: enchant monster (bad)
 20316 | D:13     | XOM: divination: magic mapping
 20327 | D:13     | XOM: scenery: 1 doors close
 20445 | D:13     | XOM: god gift: phial of floods
 20487 | D:13     | XOM: give mutations
 20487 | D:13     | Gained mutation: You are strong-willed. (Will+) [Xom's
                  | grace]
 20487 | D:13     | Gained mutation: You are agile. (Dex +4, Str/Int -1) [Xom's
                  | grace]
 20487 | D:13     | Lost mutation: You have sharp toenails. [Xom's grace]
 20487 | D:13     | Gained mutation: You have large cloven feet. [Xom's grace]
 20487 | D:13     | Gained mutation: You have hoof-like feet. [Xom's grace]
 20511 | D:13     | XOM: repel stairs
 20513 | D:13     | XOM: noise
 20517 | D:13     | XOM: noise
 20573 | D:14     | XOM: summons friendly crimson imp
 20925 | D:14     | XOM: enchant monster (bad)
 20926 | D:14     | XOM: noise
 20929 | D:14     | XOM: cast spell 'Dispersal'
 21121 | D:14     | XOM: fake destruction
 21135 | D:14     | XOM: confuse monster(s)
 21179 | D:14     | XOM: give mutations
 21179 | D:14     | Gained mutation: You have hidden genetic potential. [Xom's
                  | grace]
 21179 | D:14     | Gained mutation: You are highly strong-willed. (Will++)
                  | [Xom's grace]
 21179 | D:14     | Gained mutation: You have a pair of small antennae on your
                  | head. [Xom's grace]
 21179 | D:14     | Gained mutation: You have hooves in place of feet. [Xom's
                  | grace]
 21203 | D:14     | XOM: smoke on damage
 21356 | D:15     | Entered Level 15 of the Dungeon
 21614 | D:15     | Found a staircase to the Depths.
 21688 | D:15     | Identified the amulet of the Cicada {Acrobat Str+6}
 21742 | D:15     | XOM: divination: detect items
 21744 | D:15     | XOM: divination: detect creatures
 21747 | D:15     | XOM: summons friendly crimson imp
 21748 | D:15     | XOM: destruction
 21934 | D:15     | XOM: polymorph manticore -> glowing shapeshifter
 22068 | D:15     | XOM: swap monsters
 22082 | D:15     | Reached skill level 5 in Maces & Flails
 22166 | D:15     | XOM: chaos upgrade
 22179 | D:15     | XOM: chaos upgrade
 22182 | D:15     | XOM: summons 9 hostile demons
 22195 | D:15     | XOM: swap monsters
 22348 | D:15     | Identified a scroll of acquirement
 22348 | D:15     | Acquired 304 gold pieces
 22456 | D:15     | XOM: noise
 22556 | D:15     | XOM: divination: detect items
 22669 | D:14     | XOM: silly message
 22874 | Orc:1    | Entered Level 1 of the Orcish Mines
 23455 | Orc:1    | XOM: divination: magic mapping
 23527 | Orc:1    | XOM: divination: detect creatures
 23529 | Orc:1    | Identified the +3 buckler of Disguise {rN+}
 23713 | Orc:1    | Got Foinaufi's Monograph on Displacement
 23727 | Orc:1    | XOM: potion effect (berserk rage)
 23834 | Orc:2    | Entered Level 2 of the Orcish Mines
 23875 | Orc:2    | Noticed Donald
 24051 | Orc:2    | Found a staircase to the Elven Halls.
 24256 | Orc:2    | Found Xistruoje's Book Emporium.
 24301 | Orc:2    | XOM: divination: detect creatures
 24419 | Orc:2    | Found Nosak's Jewellery Emporium.
 24428 | Orc:2    | Killed Donald
 24521 | Orc:2    | Bought the ring of Kischy {rElec AC+4} for 600 gold pieces
 24819 | Orc:2    | XOM: polymorph soul eater -> blizzard demon
 24851 | Orc:2    | Noticed Saint Roka
 24862 | Orc:2    | XOM: summons friendly quasit
 24870 | Orc:2    | XOM: noise
 24904 | Orc:2    | XOM: potion effect (curing)
 24961 | Orc:1    | XOM: god gift: book of Debilitation
 25100 | Orc:2    | XOM: polymorph orc priest -> steam dragon
 25150 | Orc:2    | Found Ygguifon's Antique Weapon Emporium.
 25245 | Orc:2    | XOM: cast spell 'Summon Hydra'
 25253 | Orc:2    | Killed Saint Roka
 25336 | Orc:2    | Found Teogguh's Antique Armour Shoppe.
 25387 | Elf:1    | Entered Level 1 of the Elven Halls
 25397 | Elf:1    | Reached XP level 17. HP: 160/208 MP: 17/17
 25407 | Elf:1    | XOM: noise
 25542 | Elf:1    | Noticed Frances
 25548 | Elf:1    | Killed Frances
 25584 | Elf:1    | XOM: 2-stop teleportation journey
 25774 | Elf:1    | Got the Discursus on Injury
 25907 | Elf:1    | XOM: give mutation
 25907 | Elf:1    | Lost mutation: Your flesh is heat resistant. (rF+) [Xom's
                  | mischief]
 25972 | Elf:1    | Gained mutation: You are very agile. (Dex +8, Str/Int -2)
                  | [hidden potential]
 25985 | Elf:1    | Found Koty's Weapon Boutique.
 26095 | Elf:1    | Identified the +7 flail "Angejitz" {drain, rPois rF++ rC-
                  | Str+2}
 26191 | Elf:1    | XOM: divination: detect creatures
 26234 | Elf:1    | XOM: potion effect (invisibility)
 26305 | Elf:1    | XOM: stat loss: -1 Str (17/18)
 26308 | Elf:1    | XOM: blink monster(s)
 26406 | Elf:2    | XOM: chaos upgrade
 26582 | Elf:2    | XOM: torment (104/208 hp)
 26671 | Elf:2    | Noticed Roxanne
 26682 | Elf:2    | XOM: noise
 26752 | Elf:2    | XOM: divination: detect items
 26781 | Elf:2    | Killed Roxanne
 26807 | Elf:2    | XOM: divination: detect items
 26918 | Elf:2    | Reached skill level 10 in Shields
 26985 | Elf:2    | XOM: silly message
 26996 | Elf:2    | XOM: noise
 26999 | Elf:2    | Noticed Agnes
 27006 | Elf:2    | XOM: noise
 27014 | Elf:2    | Killed Agnes
 27152 | Elf:2    | Found a runed translucent door.
 27152 | Elf:2    | Noticed Xocounua's ghost (adept OpAE)
 27343 | Elf:2    | Found a runed translucent gate.
 27344 | Elf:2    | Found a runed translucent gate.
 27344 | Elf:2    | Found a runed translucent gate.
 27397 | Elf:2    | XOM: noise
 27405 | Elf:3    | Entered Level 3 of the Elven Halls
 27574 | Elf:3    | XOM: enchant monster (good)
 27576 | Elf:3    | Found Leifi's Antique Armour Emporium.
 27593 | Elf:3    | XOM: give mutations
 27593 | Elf:3    | Gained mutation: Your system is resistant to poisons.
                  | (rPois) [Xom's grace]
 27593 | Elf:3    | Gained mutation: Your mind is acute. (Int +4, Str/Dex -1)
                  | [Xom's grace]
 27593 | Elf:3    | Gained mutation: You expend magic power (3 MP) to
                  | strengthen your wands. [Xom's grace]
 27647 | Elf:3    | Found Dalih's Distillery.
 27661 | Elf:3    | Bought a potion of invisibility for 152 gold pieces
 27661 | Elf:3    | Bought a potion of haste for 190 gold pieces
 27661 | Elf:3    | Bought a potion of haste for 190 gold pieces
 27661 | Elf:3    | Bought a potion of heal wounds for 95 gold pieces
 27748 | Elf:3    | XOM: blink monster(s)
 27764 | Elf:3    | XOM: chaos cloud
 27953 | Elf:3    | Found Ymainum's Jewellery Boutique.
 28123 | Elf:3    | Found a portal to a secret trove of treasure.
 28157 | Elf:3    | Noticed a deep elf blademaster
 28165 | Elf:3    | Killed a deep elf blademaster
 28170 | Elf:3    | XOM: scenery: create altars
 28174 | Elf:3    | Noticed a deep elf blademaster
 28175 | Elf:3    | Noticed a deep elf master archer
 28179 | Elf:3    | Noticed a deep elf master archer
 28181 | Elf:3    | Killed a deep elf master archer
 28182 | Elf:3    | Killed a deep elf master archer
 28183 | Elf:3    | Reached XP level 18. HP: 199/218 MP: 15/18
 28184 | Elf:3    | Killed a ghostly deep elf master archer
 28185 | Elf:3    | Killed a deep elf blademaster
 28191 | Elf:3    | Gained mutation: Your spells are harder to cast, but more
                  | powerful. [hidden potential]
 28191 | Elf:3    | Lost mutation: You have hidden genetic potential. [hidden
                  | potential expressed]
 28414 | Elf:3    | Identified the +7 short sword of Entrepreneurial Spirit
                  | {protect, rC+ Int-2 Dex+2 SInv}
 28467 | Elf:3    | XOM: enchant monster (good)
 28482 | Elf:3    | XOM: smoke on damage
 28671 | Elf:3    | Identified the +4 short sword of Optimality {freeze, rPois
                  | Str-2 Dex+4}
 28689 | Elf:3    | Identified the +0 robe "Hiaxtirara" {rCorr}
 28697 | Elf:3    | Got the Vademecum on the Charming Sixfirhy
 28718 | Elf:3    | Got Heckus's Grimoire of the Petrous Mausoleum
 29068 | Orc:1    | XOM: scenery: summon butterflies
 29124 | Orc:2    | XOM: scenery: summon butterflies
 29265 | D:10     | Bought a manual of Evocations for 880 gold pieces
 29265 | D:10     | Bought a manual of Invocations for 880 gold pieces
 29578 | D:9      | XOM: god gift: Xom's Omnibus of the Sage {god gift}
 29590 | D:9      | Got Xom's Omnibus of the Sage {god gift}
 29626 | D:10     | XOM: give mutations
 29626 | D:10     | Gained mutation: Your spells are much harder to cast, but
                  | much more powerful. [Xom's grace]
 29626 | D:10     | Gained mutation: Your movements are slightly less
                  | encumbered by armour. (ER -2) [Xom's grace]
 29626 | D:10     | Gained mutation: You are somewhat resistant to further
                  | mutation. [Xom's grace]
 29897 | Swamp:1  | Entered Level 1 of the Swamp
 30038 | Swamp:1  | XOM: give mutations
 30038 | Swamp:1  | Gained mutation: Your muscles are strong. (Str +4, Int/Dex
                  | -1) [Xom's grace]
 30038 | Swamp:1  | Gained mutation: You are somewhat resistant to both further
                  | mutation and mutation removal. [Xom's grace]
 30050 | Swamp:1  | XOM: scenery: create altars
 30092 | Swamp:1  | XOM: scenery: summon butterflies
 30110 | Swamp:1  | XOM: 4-stop teleportation journey
 30209 | Swamp:1  | XOM: summons 16 friendly demons
 30430 | Swamp:1  | XOM: potion effect (heal wounds)
 30466 | Swamp:1  | XOM: summons 6 friendly demons
 30591 | Swamp:1  | XOM: noise
 30822 | Swamp:2  | XOM: enchant monster (bad)
 30879 | Swamp:2  | XOM: scenery: create altars
 31087 | Swamp:2  | XOM: noise
 31104 | Swamp:2  | Reached skill level 5 in Evocations
 31155 | Swamp:2  | XOM: polymorph swamp dragon -> snapping turtle
 31305 | Swamp:2  | Reached skill level 1 in Armour
 31305 | Swamp:2  | XOM: summons 2 hostile demons
 31456 | Swamp:2  | XOM: silly message
 31504 | Swamp:2  | Noticed Aizul
 31516 | Swamp:2  | Killed Aizul
 31659 | Swamp:2  | XOM: 6-stop teleportation journey
 31824 | Swamp:2  | XOM: stat loss: -1 Dex (19/20)
 31826 | Swamp:2  | XOM: 1-stop teleportation journey
 31984 | Swamp:3  | Noticed Nikola
 32000 | Swamp:3  | XOM: draining
 32005 | Swamp:3  | XOM: noise
 32008 | Swamp:3  | Killed Nikola
 32407 | Swamp:3  | XOM: polymorph bunyip -> moth of wrath
 32477 | Swamp:3  | XOM: fog
 32690 | Swamp:3  | XOM: summons friendly red devil
 33091 | Swamp:3  | Reached XP level 19. HP: 186/225 MP: 19/19
 33115 | Swamp:3  | Reached skill level 15 in Dodging
 33339 | Swamp:3  | XOM: give mutation
 33339 | Swamp:3  | Gained mutation: You have supernaturally acute eyesight.
                  | (SInv) [Xom's grace]
 33422 | Swamp:3  | XOM: polymorph goliath frog -> shapeshifter
 33442 | Swamp:3  | XOM: scenery: create altars
 33444 | Swamp:3  | XOM: fake destruction
 33456 | Swamp:3  | XOM: destruction
 33548 | Swamp:2  | XOM: god gift: wand of light (4)
 34460 | Swamp:3  | XOM: god gift: wand of light (4)
 34464 | Swamp:3  | XOM: enchant monster (bad)
 34771 | Swamp:4  | Entered Level 4 of the Swamp
 34779 | Swamp:4  | XOM: scenery: create altars
 35105 | Swamp:4  | Identified the +2 kite shield "Tis Qoad" {Int+4}
 35105 | Swamp:4  | XOM: 2-stop teleportation journey
 35435 | Swamp:4  | Reached skill level 5 in Armour
 35570 | Swamp:4  | XOM: chaos cloud
 35842 | Swamp:4  | XOM: scenery: create altars
 35970 | Swamp:4  | XOM: 1-stop teleportation journey
 36027 | Swamp:4  | Noticed the 27-headed Lernaean hydra
 36253 | Swamp:3  | XOM: scenery: summon butterflies
 36423 | Swamp:4  | XOM: 2-stop teleportation journey
 36467 | Swamp:4  | XOM: divination: detect items
 36471 | Swamp:4  | XOM: summons friendly quasit
 36622 | Swamp:4  | Got a decaying rune of Zot
 36678 | Swamp:4  | XOM: summons friendly shadow imp
 36867 | Spider:1 | Entered Level 1 of the Spider Nest
 37017 | Spider:1 | XOM: give mutation
 37017 | Spider:1 | Lost mutation: You expend magic power (3 MP) to strengthen
                  | your wands. [Xom's mischief]
 37357 | Spider:1 | XOM: cloud trail
 37800 | Spider:2 | Noticed Kirke
 37809 | Spider:2 | XOM: cast spell 'Death Channel'
 37811 | Spider:2 | Killed Kirke
 37902 | Spider:2 | XOM: divination: magic mapping
 37911 | Spider:2 | XOM: divination: detect creatures
 37912 | Spider:2 | XOM: divination: detect creatures
 38052 | Spider:2 | XOM: enchant monster (bad)
 38112 | Spider:2 | XOM: enchant monster (bad)
 38113 | Spider:2 | XOM: silly message
 38128 | Spider:2 | XOM: silly message
 38215 | Spider:2 | XOM: summons friendly iron imp
 38310 | Spider:2 | Noticed Arachne
 38334 | Spider:2 | XOM: noise
 38343 | Spider:2 | XOM: cast spell 'Discord'
 38355 | Spider:2 | Killed Arachne
 39341 | Spider:3 | XOM: god gift: 59 gold pieces
 39588 | Spider:3 | XOM: potion effect (heal wounds)
 39598 | Spider:3 | XOM: confuse monster(s)
 39599 | Spider:3 | XOM: summons 2 friendly demons
 39614 | Spider:3 | Reached skill level 15 in Shields
 40038 | Spider:3 | XOM: enchant monster (good)
 40040 | Spider:3 | Reached XP level 20. HP: 233/235 MP: 20/20
 40047 | Spider:3 | XOM: 1-stop teleportation journey
 40072 | Spider:2 | XOM: torment (118/236 hp)
 40408 | Spider:3 | Noticed Azrael
 40423 | Spider:3 | XOM: divine lightning
 40430 | Spider:3 | XOM: summons friendly ufetubus
 40599 | Spider:2 | Killed Azrael
 40627 | Spider:3 | XOM: summons friendly crimson imp
 40675 | Spider:3 | XOM: polymorph redback -> swamp dragon
 40795 | Spider:3 | Found a transporter.
 40796 | Spider:3 | Found a transporter.
 40811 | Spider:3 | XOM: cast spell 'Metabolic Englaciation'
 40906 | Spider:3 | XOM: give mutation
 40906 | Spider:3 | Lost mutation: Your mind is acute. (Int +4, Str/Dex -1)
                  | [Xom's mischief]
 41525 | Spider:3 | Identified the +1 ring mail of the Fletcher {rC+ rN++
                  | Regen+ Int-5 SInv}
 41584 | Spider:4 | Entered Level 4 of the Spider Nest
 41857 | Spider:4 | XOM: summons 3 hostile shadow creatures
 41920 | Spider:4 | XOM: torment (119/236 hp)
 41931 | Spider:4 | XOM: enchant monster (good)
 42010 | Spider:4 | XOM: god gift: ring mail {god gift}
 42166 | Spider:4 | XOM: summons friendly ufetubus
 42255 | Spider:4 | Reached skill level 10 in Evocations
 42609 | Spider:4 | XOM: 2-stop teleportation journey
 42770 | Spider:4 | XOM: divination: detect creatures
 42784 | Spider:4 | XOM: divination: detect creatures
 42807 | Spider:4 | XOM: enchant monster (good)
 42825 | Spider:4 | XOM: noise
 42840 | Spider:4 | XOM: summons friendly crimson imp
 42865 | Spider:4 | XOM: divination: detect creatures
 42867 | Spider:4 | XOM: potion effect (might)
 43503 | Spider:4 | XOM: cast spell 'Leda's Liquefaction'
 43508 | Spider:4 | XOM: confuse monster(s)
 43533 | Spider:4 | Found the +3 pair of gauntlets of War {Slay+5}
 43551 | Spider:4 | XOM: confuse monster(s)
 43738 | Spider:4 | Got a gossamer rune of Zot
 44038 | Lair:3   | XOM: god gift: potion of mutation
 44219 | Vaults:1 | Entered Level 1 of the Vaults
 44410 | Vaults:1 | Reached skill level 22 in Fighting
 44467 | Vaults:1 | XOM: god gift: 34 gold pieces
 44690 | Vaults:1 | XOM: potion effect (berserk rage)
 44695 | Vaults:1 | XOM: divination: detect creatures
 44874 | Vaults:1 | XOM: smoke on damage
 44892 | Vaults:1 | XOM: 8-stop teleportation journey
 45017 | Vaults:1 | XOM: summons friendly white imp
 45167 | Vaults:1 | XOM: enchant monster (bad)
 45709 | Vaults:1 | XOM: give mutations
 45709 | Vaults:1 | Lost mutation: You are very agile. (Dex +8, Str/Int -2)
                  | [Xom's mischief]
 45709 | Vaults:1 | Lost mutation: You are agile. (Dex +4, Str/Int -1) [Xom's
                  | mischief]
 45709 | Vaults:1 | Lost mutation: You have hooves in place of feet. [Xom's
                  | mischief]
 45709 | Vaults:1 | Lost mutation: You possess an exceptional clarity of mind.
                  | [Xom's mischief]
 45779 | Vaults:2 | XOM: enchant monster (good)
 45794 | Vaults:2 | Reached XP level 21. HP: 212/245 MP: 21/21
 45905 | Vaults:2 | Noticed Sojobo
 45920 | Vaults:2 | XOM: cast spell 'Metabolic Englaciation'
 45928 | Vaults:2 | XOM: confuse monster(s)
 45930 | Vaults:2 | Paralysed by an air elemental for 1 turns
 45933 | Vaults:2 | XOM: blink monster(s)
 45934 | Vaults:2 | XOM: chaos upgrade
 45935 | Vaults:2 | XOM: divination: detect creatures
 45936 | Vaults:2 | Killed Sojobo
 45959 | Vaults:2 | XOM: potion effect (might)
 46255 | Vaults:2 | XOM: scenery: 1 doors open
 46291 | Vaults:2 | XOM: god gift: wand of light (3)
 46472 | Vaults:2 | XOM: scenery: 1 doors open
 46479 | Vaults:2 | XOM: 4-stop teleportation journey
 46614 | Vaults:2 | XOM: swap monsters
 46649 | Vaults:2 | XOM: noise
 46832 | Vaults:2 | XOM: swap monsters
 46853 | Vaults:2 | XOM: scenery: 1 doors open, 1 doors close
 47333 | Vaults:2 | XOM: summons 2 friendly demons
 47345 | Vaults:2 | Reached skill level 10 in Armour
 47482 | Vaults:2 | XOM: 1-stop teleportation journey
 47756 | Vaults:3 | Found Maeceq's Weapon Emporium.
 47786 | Vaults:3 | Found Bogi's General Store.
 47791 | Vaults:3 | Found Attiec's Assorted Antiques.
 47791 | Vaults:3 | XOM: 1-stop teleportation journey
 47793 | Vaults:3 | Found Umionae's Antique Armour Shop.
 47815 | Vaults:3 | Reached skill level 23 in Fighting
 47817 | Vaults:3 | Found Qorruts's Antique Weapon Emporium.
 48071 | Vaults:3 | Found a crumbling gateway.
 48156 | Desolati | Entered the Desolation of Salt
 48202 | Desolati | XOM: polymorph imperial myrmidon -> eleionoma
 48220 | Desolati | XOM: confuse monster(s)
 48225 | Desolati | XOM: enchant monster (good)
 48273 | Desolati | Reached skill level 1 in Stealth
 48657 | Desolati | Identified the +3 battleaxe of Defiance {flame, rPois Dex+4
                  | SInv}
 48671 | Desolati | Got the Compilation of Venom and Necromancy
 48735 | Desolati | XOM: polymorph imperial myrmidon -> stone giant
 48738 | Desolati | Identified the +3 mace of Shrieking Terror {protect, Dex+5}
 48742 | Desolati | XOM: summons friendly ufetubus
 48912 | Desolati | XOM: god gift: 43 gold pieces
 48989 | Desolati | Identified the +3 robe of the Blue Skies {rPois rN+ Str+4}
 49070 | Desolati | Identified the +3 chain mail of Lethargy {Str+4}
 49088 | Desolati | XOM: cast spell 'Summon Small Mammal'
 49095 | Desolati | Reached skill level 5 in Stealth
 49173 | Desolati | Reached XP level 22. HP: 252/257 MP: 22/22
 49237 | Desolati | XOM: scenery: summon butterflies
 49242 | Desolati | Identified the +1 rapier "Nietruh" {flame, Fragile rN+
                  | SInv}
 49311 | Desolati | Identified the +7 sling "Beetleslayer" {speed, +Blink rElec
                  | rN+}
 49340 | Desolati | Got the Dissertation on Forms
 49364 | Desolati | XOM: 1-stop teleportation journey
 49385 | Desolati | XOM: 1-stop teleportation journey
 49519 | Desolati | Got the Elucidation of Bringing Forth
 49569 | Desolati | XOM: god gift: Xom's Elucidation of Domination {god gift}
 49570 | Desolati | Got Xom's Elucidation of Domination {god gift}
 49708 | Vaults:3 | Bought a wand of light (4) for 369 gold pieces
 49751 | Vaults:3 | Found a transporter.
 49817 | Vaults:3 | XOM: scenery: 2 doors open, 1 doors close
 49885 | Vaults:3 | XOM: scenery: 1 doors close
 49981 | Vaults:3 | XOM: scenery: 1 doors open
 50027 | Vaults:3 | Bought a scroll of magic mapping for 127 gold pieces
 50049 | Vaults:3 | Found a staircase to the Crypt.
 50070 | Vaults:3 | XOM: cloud trail
 50078 | Vaults:3 | XOM: scenery: 1 doors close
 50083 | Vaults:3 | XOM: scenery: 1 doors open
 50396 | Vaults:3 | XOM: give mutations
 50396 | Vaults:3 | Gained mutation: Your muscles are very strong. (Str +8,
                  | Int/Dex -2) [Xom's grace]
 50396 | Vaults:3 | Gained mutation: You are agile. (Dex +4, Str/Int -1) [Xom's
                  | grace]
 50396 | Vaults:3 | Gained mutation: You are robust. (+10% HP) [Xom's grace]
 50396 | Vaults:3 | Gained mutation: You have an increased reservoir of magic.
                  | (+10% MP) [Xom's grace]
 50731 | Vaults:3 | XOM: silly message
 50732 | Vaults:3 | XOM: potion effect (curing)
 51038 | Vaults:3 | XOM: divination: detect creatures
 51045 | Vaults:3 | Reached skill level 24 in Fighting
 51058 | Vaults:3 | XOM: cast spell 'Summon Small Mammal'
 51114 | Vaults:3 | XOM: divination: magic mapping
 51511 | Vaults:3 | Found a transporter.
 51575 | Vaults:3 | Found a bloodstained altar of Trog.
 51575 | Vaults:3 | Found the necklace of Bloodlust {*Rage Will++ Int-3 Slay+6}
 51634 | Vaults:3 | Found a runed translucent door.
 51649 | Vaults:3 | XOM: divination: magic mapping
 51902 | Vaults:4 | XOM: silly message
 52016 | Vaults:4 | Found Gozag's Antique Weapon Boutique.
 52019 | Vaults:4 | Found Gozag's Antique Weapon Shop.
 52019 | Vaults:4 | Found an opulent altar of Gozag.
 52162 | Vaults:4 | XOM: silly message
 52182 | Vaults:4 | XOM: 4-stop teleportation journey
 52280 | Vaults:4 | Got the Compilation of Flamy Gases
 52507 | Vaults:4 | XOM: scenery: 1 doors open, 1 doors close
 52746 | Vaults:4 | XOM: cleaving
 52747 | Vaults:4 | XOM: 1-stop teleportation journey
 52930 | Vaults:4 | Found Gozag's Antique Armour Shop.
 53069 | Vaults:4 | XOM: give mutation
 53069 | Vaults:4 | Lost mutation: Your body sometimes deteriorates upon taking
                  | damage. [Xom's mischief]
 53111 | Vaults:4 | XOM: enchant monster (good)
 53116 | Vaults:4 | XOM: swap monsters
 53413 | Vaults:4 | XOM: blink monster(s)
 53704 | Vaults:5 | Entered Level 5 of the Vaults
 53710 | Vaults:5 | Reached skill level 25 in Fighting
 53710 | Vaults:5 | Reached XP level 23. HP: 305/306 MP: 25/25
 53711 | Vaults:5 | Reached skill level 26 in Fighting
 53718 | Vaults:5 | XOM: divination: magic mapping
 53795 | Vaults:4 | XOM is BORED!
 54180 | Vaults:4 | XOM: silly message
 54206 | Vaults:4 | XOM: divination: detect creatures
 54221 | Vaults:5 | Noticed Frederick
 54277 | Vaults:5 | XOM: noise
 54288 | Vaults:5 | Reached skill level 27 in Fighting
 54293 | Vaults:5 | Killed Frederick
 54306 | Vaults:4 | XOM: silly message
 54655 | Vaults:4 | XOM: stat loss: -1 Int (6/7)
 54892 | Vaults:5 | XOM: polymorph deep elf high priest -> boulder beetle
 55117 | Vaults:5 | XOM: polymorph tengu reaver -> quicksilver dragon
 55217 | Vaults:4 | XOM: give mutations
 55217 | Vaults:4 | Gained mutation: You are covered in thick fur. (AC +2)
                  | [Xom's grace]
 55217 | Vaults:4 | Gained mutation: Your movements are less encumbered by
                  | armour. (ER -4) [Xom's grace]
 55217 | Vaults:4 | Gained mutation: You have a somewhat thin skeletal
                  | structure. (Dex +2, Stealth+) [Xom's grace]
 55242 | Vaults:4 | XOM: give mutation
 55242 | Vaults:4 | Lost mutation: You are robust. (+10% HP) [Xom's mischief]
 55263 | Vaults:5 | XOM: swap monsters
 55377 | Vaults:5 | XOM: summons 3 friendly demons
 55402 | Vaults:5 | XOM: polymorph storm dragon -> shapeshifter
 55414 | Vaults:5 | XOM: chaos upgrade
 55538 | Vaults:5 | Got Tomymit's Compendium of the Barrage
 55555 | Vaults:5 | Found the +7 captain's cutlass {speed, disarm}
 55555 | Vaults:5 | XOM: god gift: 50 gold pieces
 55574 | Vaults:5 | Identified the ring of Doubts {Wiz Will+ Str-3 Int+9}
 55591 | Vaults:5 | XOM: 4-stop teleportation journey
 55874 | Vaults:5 | XOM: scenery: create altars
 55926 | Vaults:5 | Identified the +7 glaive of a volcano {flame, rCorr}
 55968 | Vaults:5 | Got the Tome of Variable Congelation
 55970 | Vaults:5 | Got a silver rune of Zot
 56275 | Vaults:5 | XOM: 2-stop teleportation journey
 56416 | Vaults:5 | Got the Reference Book on the Morgue and Lightning
 56435 | Vaults:5 | XOM: noise
 56875 | D:13     | XOM is BORED!
 56875 | D:13     | XOM: summons 3 hostile demons
 56934 | Depths:1 | Entered Level 1 of the Depths
 56941 | Depths:1 | Found a gateway to Hell.
 57109 | Depths:1 | XOM: scenery: summon butterflies
 57111 | Depths:1 | Reached XP level 24. HP: 281/281 MP: 25/25
 57122 | Depths:1 | Found Higoppab's Book Boutique.
 57122 | Depths:1 | Found Niyrus's Jewellery Emporium.
 57123 | Depths:1 | Found Cozien's Book Boutique.
 57189 | Depths:1 | XOM: 1-stop teleportation journey
 57232 | Depths:1 | XOM: fog
 57465 | Depths:1 | XOM: 4-stop teleportation journey
 57591 | Depths:1 | XOM: god gift: wand of iceblast (3)
 57702 | Depths:1 | XOM: polymorph rakshasa -> hell hog
 57726 | Depths:1 | Acquired 1257 gold pieces
 57764 | Depths:1 | XOM: enchant monster (good)
 58197 | Depths:2 | Found a one-way gate leading to the halls of Pandemonium.
 58197 | Depths:2 | Found a one-way gate to the infinite horrors of the Abyss.
 58265 | Depths:2 | XOM: polymorph fire giant -> sphinx
 58368 | Depths:2 | Noticed a juggernaut
 58377 | Depths:2 | XOM: chaos upgrade
 58382 | Depths:2 | XOM: enchant monster (good)
 58382 | Depths:2 | Killed a juggernaut
 58591 | Depths:2 | XOM: divination: detect creatures
 58934 | Depths:2 | XOM: 4-stop teleportation journey
 59389 | Depths:2 | XOM: confusion (+ monsters)
 59403 | Depths:2 | Identified the amulet "Oluclaf" {Reflect *Slow Dex+2 SH+5
                  | Stlth+}
 59656 | Depths:3 | Found a one-way gateway to a ziggurat.
 59932 | Depths:3 | XOM: 2-stop teleportation journey
 60030 | Depths:3 | XOM: summons 2 hostile demons
 60345 | Depths:3 | XOM: 6-stop teleportation journey
 60347 | Depths:3 | XOM: blink monster(s)
 60518 | Depths:3 | XOM: enchant monster (bad)
 60536 | Depths:3 | XOM: silly message
 60590 | Depths:3 | XOM: enchant monster (bad)
 60607 | Depths:3 | XOM: summons friendly quasit
 60610 | Depths:3 | Reached XP level 25. HP: 285/298 MP: 25/25
 60856 | Depths:3 | Paralysed by a floating eye for 4 turns
 60944 | Depths:3 | XOM: noise
 61451 | Depths:4 | Entered Level 4 of the Depths
 61452 | Depths:4 | XOM: cloud trail
 61476 | Depths:4 | XOM: noise
 61533 | Depths:4 | XOM: give mutations
 61533 | Depths:4 | Lost mutation: Your muscles are very strong. (Str +8,
                  | Int/Dex -2) [Xom's mischief]
 61533 | Depths:4 | Lost mutation: You occasionally lose the ability to drink
                  | potions when taking damage. [Xom's mischief]
 61533 | Depths:4 | Lost mutation: You have supernaturally acute eyesight.
                  | (SInv) [Xom's mischief]
 61834 | Depths:4 | XOM: confusion
 61973 | Depths:3 | XOM: give mutations
 61973 | Depths:3 | Gained mutation: You are partially covered in iridescent
                  | scales. (AC +2) [Xom's grace]
 61973 | Depths:3 | Gained mutation: Your muscles are very strong. (Str +8,
                  | Int/Dex -2) [Xom's grace]
 61973 | Depths:3 | Gained mutation: You are mostly covered in iridescent
                  | scales. (AC +4) [Xom's grace]
 61973 | Depths:3 | Gained mutation: You expend magic power (3 MP) to
                  | strengthen your wands. [Xom's grace]
 62274 | Depths:4 | XOM: 5-stop teleportation journey
 62402 | Depths:4 | Found a gate to the Realm of Zot.
 63086 | Depths:3 | Voluntarily entered the Abyss.
 63253 | Abyss:2  | Gained mutation: Your body sometimes deteriorates upon
                  | taking damage. [a shining eye]
 63309 | Abyss:2  | Found a corrupted altar of Lugonu.
 63337 | Abyss:2  | Found a corrupted altar of Lugonu.
 63436 | Abyss:2  | XOM: noise
 63483 | Abyss:2  | XOM: silly message
 63594 | Depths:3 | Escaped the Abyss
 63626 | Depths:3 | Voluntarily entered the Abyss.
 63636 | Abyss:2  | XOM: give mutation
 63636 | Abyss:2  | Lost mutation: You have hoof-like feet. [Xom's mischief]
 63711 | Abyss:2  | Found a corrupted altar of Lugonu.
 63759 | Abyss:2  | XOM: silly message
 63769 | Abyss:2  | XOM: blink monster(s)
 63865 | Abyss:3  | XOM: cleaving
 63969 | Abyss:3  | XOM: enchant monster (good)
 64012 | Abyss:3  | XOM: confusion (+ monsters)
 64090 | Abyss:3  | XOM: summons 2 hostile shadow creatures
 64139 | Abyss:3  | Found a corrupted altar of Lugonu.
 64166 | Depths:3 | Escaped the Abyss
 64210 | Depths:3 | Voluntarily entered the Abyss.
 64239 | Abyss:3  | XOM: cast spell 'Dispersal'
 64249 | Abyss:3  | Paralysed by accursed screaming for 1 turns
 64314 | Abyss:3  | XOM: divination: detect items
 64325 | Depths:3 | Escaped the Abyss
 64655 | Depths:3 | Voluntarily entered the Abyss.
 64715 | Abyss:3  | XOM: summons friendly shadow imp
 64724 | Abyss:3  | Gained mutation: Your body often deteriorates upon taking
                  | damage. [a neqoxec]
 64728 | Abyss:3  | XOM: confuse monster(s)
 64729 | Abyss:3  | XOM: give mutations
 64729 | Abyss:3  | Lost mutation: You occasionally lose the ability to read
                  | scrolls when taking damage. [Xom's mischief]
 64729 | Abyss:3  | Lost mutation: You are somewhat resistant to both further
                  | mutation and mutation removal. [Xom's mischief]
 64729 | Abyss:3  | Lost mutation: You are somewhat resistant to further
                  | mutation. [Xom's mischief]
 64764 | Abyss:3  | Paralysed by accursed screaming for 1 turns
 64765 | Abyss:3  | Reached XP level 26. HP: 265/314 MP: 25/25
 64781 | Abyss:3  | XOM: noise
 64800 | Abyss:3  | XOM: potion effect (invisibility)
 64809 | Abyss:3  | XOM: potion effect (curing)
 64817 | Abyss:3  | XOM: smoke on damage
 64817 | Abyss:3  | Paralysed by accursed screaming for 2 turns
 64829 | Abyss:3  | Got an abyssal rune of Zot
 64838 | Depths:3 | Escaped the Abyss
 65187 | D:12     | XOM: god gift: 20 gold pieces
 65437 | Slime:1  | Entered Level 1 of the Pits of Slime
 65491 | Slime:1  | XOM: divination: magic mapping
 65497 | Slime:1  | Gained mutation: You are extremely frail. (-30% HP) [a
                  | shining eye]
 65498 | Slime:1  | XOM: divination: detect items
 65617 | Slime:2  | XOM: divination: detect creatures
 65618 | Slime:2  | XOM: silly message
 65761 | Slime:5  | Entered Level 5 of the Pits of Slime
 65763 | Slime:5  | Lost mutation: You are frail. (-10% HP) [a shining eye]
 65771 | Slime:5  | XOM: silly message
 65777 | Slime:5  | XOM: potion effect (curing)
 65789 | Slime:5  | Noticed the Royal Jelly
 65798 | Slime:4  | Lost mutation: You are agile. (Dex +4, Str/Int -1) [a
                  | shining eye]
 65799 | Slime:4  | Gained mutation: You are clumsy. (Dex -2) [a shining eye]
 65825 | Slime:4  | XOM: divination: detect creatures
 66422 | Slime:5  | Found a viscous altar of Jiyva.
 66423 | Slime:5  | Found the +5 demon whip "Spellbinder" {antimagic, Will+}
 66502 | Slime:5  | XOM: silly message
 66514 | Slime:5  | XOM: potion effect (haste)
 66525 | Slime:5  | Killed the Royal Jelly
 66526 | Slime:5  | Reached skill level 15 in Armour
 66528 | Slime:5  | XOM: potion effect (might)
 66830 | Slime:5  | Got a slimy rune of Zot
 66831 | Slime:5  | Identified the +7 rapier "Sucvagui" {venom, Will++ Str+2}
 66846 | Slime:5  | Identified the ring "Gurec" {*Slow rCorr MP+9 Int+2 Slay+4}
 66921 | Slime:5  | Identified the +0 plate armour of the Disturbing Spirits
                  | {rF- rN++ Int+3 Dex-5}
 66946 | Slime:5  | Learned a level 4 spell: Manifold Assault
 66981 | Slime:3  | XOM: divination: detect creatures
 67298 | Vaults:3 | Bought a runed giant spiked club for 200 gold pieces
 67643 | Pan      | Entered Pandemonium
 67671 | Pan      | Reached skill level 1 in Spellcasting
 67683 | Pan      | Acquired a manual of Maces & Flails
 67730 | Pan      | XOM: potion effect (invisibility)
 67886 | Pan      | Found an exit through the horrors of the Abyss.
 67958 | Pan      | Took an exit into the Abyss.
 67958 | Abyss:3  | Escaped into the Abyss
 67984 | Abyss:3  | XOM: potion effect (brilliance)
 68027 | Depths:2 | Escaped the Abyss
 68270 | Pan      | Entered Pandemonium
 68289 | Pan      | Noticed Cisikk the pandemonium lord
 68293 | Pan      | XOM: potion effect (haste)
 68300 | Pan      | XOM: silly message
 68308 | Pan      | Killed Cisikk the pandemonium lord
 68552 | Pan      | XOM: swap monsters
 68560 | Pan      | XOM: polymorph Brimstone Fiend -> Ice Fiend
 68562 | Pan      | XOM: confuse monster(s)
 69026 | Pan      | Reached skill level 1 in Throwing
 69106 | Pan      | XOM: 5-stop teleportation journey
 69166 | Pan      | XOM: summons 1 hostile shadow creature
 69486 | Pan      | XOM: fake destruction
 69501 | Pan      | XOM: divination: detect items
 70181 | Pan      | XOM: silly message
 70323 | Pan      | XOM: repel stairs
 70336 | Pan      | Reached skill level 5 in Throwing
 70530 | Pan      | XOM: polymorph large abomination -> large abomination
 70750 | Pan      | XOM: summons friendly crimson imp
 70760 | Pan      | XOM: summons 9 friendly demons
 70885 | Pan      | XOM: divination: detect items
 70926 | Pan      | XOM: summons 14 hostile demons
 71295 | Pan      | Learned a level 1 spell: Apportation
 71352 | Pan      | Gained mutation: You occasionally lose the ability to read
                  | scrolls when taking damage. [mutagenic glow]
 71355 | Pan      | Got a demonic rune of Zot
 71366 | Pan      | Gained mutation: You sometimes lose the ability to read
                  | scrolls when taking damage. [mutagenic glow]
 71377 | Pan      | Gained mutation: You have hidden genetic defects.
                  | [mutagenic glow]
 71448 | Pan      | Lost mutation: You have an increased reservoir of magic.
                  | (+10% MP) [mutagenic glow]
 71464 | Pan      | Reached skill level 1 in Translocations
 71506 | Pan      | XOM: confusion
 71514 | Pan      | Reached XP level 27. HP: 263/323 MP: 5/27
 71728 | Pan      | XOM: noise
 71920 | Pan      | XOM: silly message
 72048 | Pan      | XOM: enchant monster (bad)
 72193 | Pan      | Found a white marble altar of Elyvilon.
 72205 | Pan      | XOM: summons friendly shadow imp
 72331 | Pan      | XOM: god gift: 21 gold pieces
 72340 | Pan      | XOM: 4-stop teleportation journey
 72517 | Pan      | XOM: scenery: create altars
 72752 | Pan      | XOM: cleaving
 72893 | Pan      | XOM: enchant monster (good)
 72962 | Pan      | Gained mutation: You are dopey. (Int -2) [hidden defects]
 72971 | Pan      | Identified the +0 tower shield "Tiamum" {Harm *Corrode
                  | +Inv}
 72983 | Pan      | Reached skill level 10 in Throwing
 73345 | Pan      | XOM: cleaving
 73533 | Pan      | XOM: god gift: wand of iceblast (5)
 73623 | Pan      | XOM: summons 8 friendly demons
 73685 | Pan      | XOM: cloud trail
 73752 | Pan      | Gained mutation: Your magical capacity is low. (-10% MP)
                  | [hidden defects]
 73752 | Pan      | Lost mutation: You have hidden genetic defects. [hidden
                  | defects expressed]
 73994 | Pan      | XOM: confuse monster(s)
 74114 | Pan      | XOM: scenery: summon butterflies
 74121 | Pan      | XOM: cleaving
 74191 | Pan      | XOM: 4-stop teleportation journey
 74870 | Pan      | XOM: fog
 75032 | Pan      | XOM is BORED!
 75032 | Pan      | XOM: enchant monster (bad)
 75035 | Pan      | HP: 12/323 [daeva/+5 long sword of holy wrath (7)]
 75035 | Pan      | HP: 1/323 [daeva/+5 long sword of holy wrath (11)]
 75046 | Pan      | Mangled by an angel

Illustrated notes

Levels and vault maps discovered:
D:1:      mainiacjoe_arrival_reflecting_pool, layout_basic
D:2:      minmay_door_path, layout_rooms,
          hellmonk_ecumenical_altar_inner_sanctum, basic_altar,
          minmay_misc_feat_roman, minmay_misc_feat_ornament,
          kennysheep_generic_room_8
D:3:      layout_basic, mainiacjoe_overflow_cross_hatched, lemuel_tele_altar,
          serial_shops, shop_statue, st_stairs_3, minmay_cupped, uniq_natasha
D:4:      layout_loops_ring, nicolae_vehumet_radiance
D:5:      layout_basic, regret_index_temple_of_mockery,
          minmay_temple_entry_antechambers, minmay_misc_feat_rugged,
          nicolae_take_the_stairs, uniq_sigmund
D:6:      layout_loops_ring, ashenzari_altar_1, uniq_crazy_yiuf_cottage
D:7:      layout_loops_ring
D:8:      layout_basic, enter_bailey_5, kennysheep_generic_room_7
D:9:      gammafunk_boulding_lane, layout_basic, mainiacjoe_overflow_brackets,
          chequers_temple_overflow_statue_of_worship, dpeg_lair_monsters
D:10:     layout_stronghold, nzn_wu_jian_council_hall, nicolae_shop_vocational,
          uniq_josephine
D:11:     layout_stronghold, kennysheep_orc_monster_closet_entryway,
          serial_column_ruins, column_ruins_square_medium,
          column_ruins_circle_medium, column_ruins_grid_2,
          column_ruins_open_tiny, column_ruins_open_medium,
          column_ruins_corridor_straight, column_ruins_grid_2,
          column_ruins_open_tiny, uniq_grum
D:12:     layout_small_grid, portal_ice_cave_entry_ice_simulacra, serial_shops,
          shop, elves_outpost_lemuel
D:13:     layout_roguey, erik_vaults_2, fedhas_bush_and_centaur_altar,
          uniq_erolcha
D:14:     layout_roguey, kennysheep_kite_vault
D:15:     grunt_enter_depths_giant_problem, layout_long_grid
Temple:   nicolae_temple_ecumenical_triangle
Lair:1:   layout_small_grid, gauntlet_entry_generic, lemuel_fruit_fields
Lair:2:   layout_concentric_octagons, nicolae_quartered_pool_little,
          st_stairs_12, uniq_urug
Lair:3:   layout_regular_city, minmay_swamp_entry_swarm,
          spider_nest_entry_rubble, serial_bayou_shore_a
Lair:4:   layout_misc_corridors, infiniplex_staircase_pool_2
Lair:5:   minmay_lair_end_frog_pond, layout_misc_corridors, slime_entry_1,
          basic_altar, serial_bayou_lagoon_a, lemuel_fruit_tree
Swamp:1:  layout_falls_marsh, evilmike_swamp_ruin_house_3
Swamp:2:  layout_falls_marsh, serial_swamp_ruin, evilmike_swamp_ruin_house_2,
          evilmike_swamp_ruin_rubble_2, infiniplex_staircase_pool, uniq_aizul
Swamp:3:  nzn_winding_woodlands_three_and_one
          [nzn_winding_woodlands_5x15_crooked,
          nzn_winding_woodlands_5x15_pathside_ponds,
          nzn_winding_woodlands_5x15_pockets,
          nzn_winding_woodlands_center_lodge], layout_basic_swamp,
          nicolae_swamp_dense_foliage, swamp_pool1, nicolae_swamp_no_escape,
          uniq_nikola
Swamp:4:  swamp_old_school, layout_basic_swamp, swamp_pool2,
          nicolae_swamp_some_circles
Spider:1: layout_spider_delve
Spider:2: layout_cave_pods, uniq_arachne, uniq_kirke
Spider:3: gammafunk_sealed_arena, uniq_azrael
Spider:4: grunt_spider_rune_circles, nicolae_spider_swamp_cousins
Slime:1:  layout_caves, cheibrodos_slime_lost_civilization_7
Slime:2:  layout_caves
Slime:3:  layout_caves
Slime:4:  layout_caves
Slime:5
Orc:1:    orc_temple, layout_caves
Orc:2:    grunt_orc_community_town_hall, layout_caves,
          grunt_orc_community_big_house_1, grunt_orc_community_big_house_1,
          grunt_orc_community_house_3, grunt_orc_community_house_2,
          grunt_orc_community_house_3, grunt_orc_community_house_3,
          grunt_orc_community_house_1, uniq_donald
Elf:1:    elf_arrival_002, layout_loops_corners, serial_shops,
          nicolae_shop_hallway_plus, minmay_elf_annihilation, uniq_frances
Elf:2:    nicolae_elf_blades_crystal_corner, layout_geoelf_octagon,
          gammafunk_ghost_grave, lemuel_elevator, uniq_jorgrun, uniq_agnes,
          uniq_roxanne
Elf:3:    elf_hall, layout_geoelf_grid, serial_shops, shop_statue,
          nicolae_shop_hallway_plus, shop, nicolae_trove_entry_free_sample,
          nicolae_concentric_dashed_squares_wild
Vaults:1: grunt_vaults_bifocal, vaults_room_door_hall,
          ontoclasm_vaults_ligature, ontoclasm_vaults_chip,
          hangedman_vaults_locks, v_misc_19, v_misc_29, ontoclasm_vaults_twist,
          vaults_mumra_hex, layout_vaults_big_room
Vaults:2: vaults_mumra_hexcomb, special_room_vaults [special_room_orc],
          vaults_mumra_lcd, ontoclasm_vaults_ring_large,
          dpeg_vaults_monster_box, grunt_vaults_trifunnel, v_pattern_3,
          ontoclasm_vaults_eye, vaults_room_corners,
          nicolae_vaults_shelves_hall, ontoclasm_vaults_fault,
          grunt_vaults_diagonal, v_misc_19, layout_vaults_big_cross, uniq_sojobo
Vaults:3: portal_desolation_entry_nicolae_slug, vaults_room_semicircle,
          nicolae_vaults_little_squares_3, nicolae_vaults_mini_display_case,
          emtedronai_trogs_sanctum, v_misc_9, v_alt_pattern_3,
          hangedman_vaults_restitches, vaults_room_door_hall,
          nicolae_vaults_border_crossing, blue_anna_dwarven_crypt,
          hangedman_vaults_cutoff, layout_vaults_omnibox, serial_shops,
          nicolae_shop_stone, shop, nicolae_diamond_shop, shop_statue,
          nicolae_shop_advertising_works [nicolae_subvault_shop_adworks]
Vaults:4: kennysheep_vaults_gozag_temple, v_misc_24, v_misc_27, v_misc_8,
          v_pattern_1, nicolae_vaults_what_the_h, v_misc_32,
          hangedman_vaults_trim, v_rooms_3, v_misc_14, layout_vaults_ring
Vaults:5: serial_shops, uniq_frederick
Depths:1: layout_cave_shapes, hell_entry, hangedman_decor_lopped, minivault_12,
          grunt_megastairs_5, minmay_shop_grove, firewood_loft
Depths:2: minmay_strange_plus, layout_basic, lightli_too_deep, pan_entry,
          abyss_entry, amcnicky_mini_rare_corridor_liquid, minmay_microvault,
          serial_bayou_shore_b, minmay_staircase_windowed_large,
          uniq_saint_roka, uniq_josephina
Depths:3: kennysheep_blocky_room, layout_cave_shapes, enter_ziggurat_e,
          minmay_misc_feat_more_columns, minmay_room_of_horrors, hell_entry,
          rand_demon_pan_entry_3
Depths:4: grunt_zot_entry_funnels, layout_cave_shapes, pf_coc_iceberg,
          chequers_big_river
Pan:      evilmike_mini_pan_pillars, layout_gridlike, pan_blood_fountain_2,
          nicolae_pan_strange_glyphs [nicolae_pan_strange_glyph_loneliness,
          nicolae_pan_strange_glyph_schadenfreude,
          nicolae_pan_strange_glyph_acedia, nicolae_pan_strange_glyph_disgust],
          nicolae_pan_cerebovesque_1, lemuel_hellion_island,
          layout_pan_divisions_b [pan_division_quadrant_b1,
          pan_division_quadrant_b1, pan_division_quadrant_b3,
          pan_division_quadrant_b1], pan_blood_fountain_small, evilmike_holy_pan

Skill      XL: |  1  2  3  4  5  6  7  8  9 10 11 12 13 14 15 16 17 18 19 20 21 22 23 24 25 26 27 |
---------------+----------------------------------------------------------------------------------+-----
Maces & Flails | 3 9 |  9.2
Axes           | 1 2 3 5 6 8 10 11 13 15 17 18 | 18.0
Fighting       | 5 6 7 9 10 12 13 15 16 19 21 22 23 25 27 | 27.0
Dodging        | 4 5 6 7 9 10 11 14 15 16 17 19 20 21 23 | 23.2
Evocations     | 1 2 6 8 10 12 | 12.0
Shields        | 1 3 5 6 8 12 13 15 17 19 | 19.7
Armour         | 2 6 9 10 12 15 | 15.2
Stealth        | 5 |  5.9
Spellcasting   | 3 |  3.2
Throwing       | 7 14 | 14.0
Translocations | 1 2 |  2.9

Action                   |  1- 3 |  4- 6 |  7- 9 | 10-12 | 13-15 | 16-18 | 19-21 | 22-24 | 25-27 || total
-------------------------+-------+-------+-------+-------+-------+-------+-------+-------+-------++-------
Melee: Mace              |    37 |       |       |       |       |       |       |       |       ||    37
       Punch             |     1 |     2 |     1 |       |       |       |       |       |     1 ||     5
       Broad axe         |    62 |   156 |    30 |       |       |       |   338 |   859 |  1336 ||  2781
       Flail             |       |       |   178 |   537 |  1368 |  1516 |  1689 |       |       ||  5288
       Kick              |       |       |       |    82 |   403 |   668 |   985 |   399 |   610 ||  3147
Throw: Large rock        |       |       |       |       |       |       |       |       |    60 ||    60
       Stone             |       |       |       |       |       |       |       |       |     5 ||     5
 Cast: Apportation       |       |       |       |       |       |       |       |       |    19 ||    19
Evoke: Wand              |       |       |     3 |       |       |    11 |     9 |     1 |     6 ||    30
       Piece from Xom's  |       |       |       |     8 |       |       |       |       |       ||     8
       Condenser vane    |       |       |       |       |     2 |     2 |     2 |     1 |     1 ||     8
       Phial of floods   |       |       |       |       |       |     1 |       |       |     2 ||     3
       Phantom mirror    |       |       |       |       |       |       |       |     1 |       ||     1
       Box of beasts     |       |       |       |       |       |       |       |       |     1 ||     1
  Use: Scroll            |       |    11 |     6 |    11 |     7 |    13 |     7 |     3 |    14 ||    72
       Potion            |       |       |    10 |       |     1 |       |     2 |     2 |     9 ||    24
 Stab: Distracted        |     1 |       |     1 |       |     4 |     6 |     4 |     2 |     2 ||    20
       Sleeping          |       |       |     6 |       |       |     1 |     3 |    13 |     3 ||    26
       Paralysed         |       |       |       |     4 |     2 |       |     2 |       |       ||     8
       Confused          |       |       |       |     2 |     4 |     4 |    10 |       |     3 ||    23
       Invisible         |       |       |       |       |     6 |     8 |     2 |     7 |     6 ||    29
       Petrified         |       |       |       |       |     5 |       |     5 |       |     3 ||    13
Armor: Robe              |    61 |    84 |    31 |       |       |       |       |       |       ||   176
       Acid dragon scale |       |       |    18 |    28 |       |       |       |       |    37 ||    83
       Troll leather arm |       |       |       |    63 |   360 |   147 |       |       |       ||   570
       Shadow dragon sca |       |       |       |       |       |    30 |   167 |   297 |       ||   494
       Swamp dragon scal |       |       |       |       |       |    14 |   273 |       |       ||   287
       Gold dragon scale |       |       |       |       |       |       |       |    43 |   441 ||   484
Dodge: Dodged            |    95 |   235 |   159 |   279 |   800 |   731 |  1388 |   667 |   718 ||  5072
Block: Kite shield       |       |       |       |   268 |  1197 |  1287 |  2627 |   523 |       ||  5902
       Reflection        |       |       |       |     1 |    41 |    84 |    58 |    15 |       ||   199
       Tower shield      |       |       |       |       |       |       |       |   467 |  1430 ||  1897

Table legend: (Time is in decaauts)
 A = Elapsed time spent in this place.
 B = Non-inter-level travel time spent in this place.
 C = Inter-level travel time spent in this place.
 D = Time resting spent in this place.
 E = Time spent auto-exploring this place.
 F = Levels seen in this place.
 G = Mean time per level.
                   A        B        C        D        E       F      G
               +--------+--------+--------+--------+--------+-----+--------+
         Total |  76649 |  72054 |   4595 |  18920 |  30763 |  62 | 1236.3 |
       Dungeon |  17334 |  15205 |   2129 |   1827 |   8035 |  15 | 1155.6 |
        Temple |     65 |     65 |      0 |      0 |     34 |   1 |   65.0 |
          Lair |   6229 |   5591 |    638 |    763 |   2866 |   5 | 1245.8 |
         Swamp |   6769 |   6596 |    173 |   2229 |   2890 |   4 | 1692.2 |
   Spider Nest |   6973 |   6612 |    361 |   1552 |   3354 |   4 | 1743.2 |
    Slime Pits |   1644 |   1589 |     55 |    845 |    120 |   5 |  328.8 |
  Orcish Mines |   2540 |   2425 |    115 |    287 |   1194 |   2 | 1270.0 |
   Elven Halls |   3555 |   3357 |    198 |    459 |   1881 |   3 | 1185.0 |
        Vaults |  11511 |  10965 |    546 |   2673 |   5721 |   5 | 2302.2 |
        Depths |   7572 |   7196 |    376 |   2781 |   2861 |   4 | 1893.0 |
         Abyss |   1618 |   1618 |      0 |    312 |    290 |   7 |  231.1 |
   Pandemonium |   7855 |   7855 |      0 |   4456 |    585 |   3 | 2618.3 |
        Bailey |    536 |    536 |      0 |    156 |     41 |   1 |  536.0 |
      Ice Cave |    739 |    739 |      0 |    100 |    296 |   1 |  739.0 |
    Desolation |   1552 |   1552 |      0 |    476 |    481 |   1 | 1552.0 |
      Gauntlet |    151 |    151 |      0 |      0 |    112 |   1 |  151.0 |
               +--------+--------+--------+--------+--------+-----+--------+

Top non-repeatable levels by time:
Vaults:4: 3541 daAuts
Depths:3: 3038 daAuts
Vaults:3: 2794 daAuts
 Swamp:3: 2198 daAuts
Spider:3: 2176 daAuts
 Swamp:2: 2090 daAuts
Vaults:2: 1901 daAuts
Spider:4: 1888 daAuts
Spider:2: 1822 daAuts
Vaults:5: 1654 daAuts
    D:13: 1631 daAuts
Vaults:1: 1619 daAuts
Depths:2: 1604 daAuts
 Swamp:4: 1601 daAuts
Desolation: 1552 daAuts
